Workbook
Name \w: #N/A
Name \X: #N/A
Name _____________________________________________________TEP44: #N/A
Name _____________________________________________________TZ216: #N/A
Name ____________________________________________________TPE1132: #N/A
Name ____________________________________________________TPE1331: #N/A
Name ____________________________________________________TPE1702: #N/A
Name ____________________________________________________TPE1703: #N/A
Name ____________________________________________________TPE1704: #N/A
Name ____________________________________________________TPE1706: #N/A
Name ____________________________________________________TPE1708: #N/A
Name ____________________________________________________TPE1710: #N/A
Name ____________________________________________________TPE1735: #N/A
Name ____________________________________________________TPE1763: #N/A
Name ____________________________________________________TPE1790: #N/A
Name ____________________________________________________TZ214: #N/A
Name ____________________________________________________TZ32510: #N/A
Name ___________________________________________________Cod1: #N/A
Name ___________________________________________________TEP44: #N/A
Name ___________________________________________________TZ216: #N/A
Name __________________________________________________TEP44: #N/A
Name __________________________________________________TPE1132: #N/A
Name __________________________________________________TPE1331: #N/A
Name __________________________________________________TPE1702: #N/A
Name __________________________________________________TPE1703: #N/A
Name __________________________________________________TPE1704: #N/A
Name __________________________________________________TPE1706: #N/A
Name __________________________________________________TPE1708: #N/A
Name __________________________________________________TPE1710: #N/A
Name __________________________________________________TPE1735: #N/A
Name __________________________________________________TPE1763: #N/A
Name __________________________________________________TPE1790: #N/A
Name __________________________________________________TZ214: #N/A
Name __________________________________________________TZ216: #N/A
Name __________________________________________________TZ32510: #N/A
Name _________________________________________________TEP44: #N/A
Name _________________________________________________TPE1132: #N/A
Name _________________________________________________TPE1331: #N/A
Name _________________________________________________TPE1702: #N/A
Name _________________________________________________TPE1703: #N/A
Name _________________________________________________TPE1704: #N/A
Name _________________________________________________TPE1706: #N/A
Name _________________________________________________TPE1708: #N/A
Name _________________________________________________TPE1710: #N/A
Name _________________________________________________TPE1735: #N/A
Name _________________________________________________TPE1763: #N/A
Name _________________________________________________TPE1790: #N/A
Name _________________________________________________TZ214: #N/A
Name _________________________________________________TZ216: #N/A
Name _________________________________________________TZ32510: #N/A
Name ________________________________________________TEP44: #N/A
Name ________________________________________________TPE1132: #N/A
Name ________________________________________________TPE1331: #N/A
Name ________________________________________________TPE1702: #N/A
Name ________________________________________________TPE1703: #N/A
Name ________________________________________________TPE1704: #N/A
Name ________________________________________________TPE1706: #N/A
Name ________________________________________________TPE1708: #N/A
Name ________________________________________________TPE1710: #N/A
Name ________________________________________________TPE1735: #N/A

Sheet Información general
B14: PROPUESTA ECONÓMICA
B16: I. INFORMACIÓN GENERAL
B17: NOMBRE PROVEEDOR
B18: NIT
B19: REGIMEN DE TRIBUTACIÓN
B20: FECHA DE COTIZACIÓN
B21: TIEMPO DE ENTREGA DÍAS CALENDARIO
B22: VIGENCIA DE COTIZACIÓN
B23: MONEDA
B24: GARANTÍAS OFRECIDAS
B26: NOTA: | C26: La propuesta economica debe incluir todos los costos asociados a la prestación del servicio y/o entrega del bien o servicio
B29: II. DATOS DE CONTACTO
B30: NOMBRE PERSONA DE CONTACTO
B31: CORREO
B32: CELULAR / TELÉFONO
B33: NOMBRE REPRESENTANTE LEGAL
B34: FIRMA REPRESENTANTE LEGAL O TITULAR (PERSONA NATURAL)
B36: FIRMA ABONO DE LA PROPUESTA (SI APLICA)

Sheet RESUMEN
B1: =+C3 -> Reparaciones Locativas en los diferentes Centros de Atención Integral a la primera Infancia (CAII) en el Urabá Antioqueño. | C1: #VALUE!
B2: DATOS INICIALES DEL PROYECTO
B3: NOMBRE DEL PROYECTO | C3: Reparaciones Locativas en los diferentes Centros de Atención Integral a la primera Infancia (CAII) en el Urabá Antioqueño.
B4: SUPERVISOR RESPONSABLE COMFENALCO
B5: VALOR SALARIO MÍNIMO AÑO 2026 | C5: 1750905
B6: VALOR AUXILIO DE TRANSPORTE AÑO 2026 | C6: 249095
B7: DURACIÓN ESTIMADA DEL PROYECTO (MESES) | C7: 3
B8: COSTOS DIRECTOS POR SEDE
B9: ='PPTO GRAL CHIGORODÓ'!C11 -> 1610 - CAII CHIGORODÓ | D9: ='PPTO GRAL CHIGORODÓ'!G11 -> 0
B10: ='PPTO GRAL 4 JUNIO'!C11 -> 1620 - CAII 4 DE JUNIO | D10: ='PPTO GRAL 4 JUNIO'!G93 -> 0
B11: ='PPTO GRAL CAREPA'!C11 -> 2026 - CAII CAREPA | D11: ='PPTO GRAL CAREPA'!G42 -> 0
B12: ='PPTO GRAL REPOSO'!C11 -> 2240 - CAII REPOSO | D12: ='PPTO GRAL REPOSO'!G52 -> 0
B13: ='PPTO GRAL MARIA E CROVO'!C11 -> 6090 - CAII MARIA ELENA DE CROVO | D13: ='PPTO GRAL MARIA E CROVO'!G115 -> 0
B14: VALOR ESTIMADO DE LA INTERVENCIÓN
B15: COSTOS DIRECTOS | D15: =SUM(D9:D13) -> 0
B16: ADMINISTRACIÓN | C16: =+AU!K28 -> 0 | D16: =ROUNDUP(+D15*C16,0) -> 0
B17: UTILIDAD | C17: =+AU!K29 -> 0.05 | D17: =ROUNDUP((+D15*C17),0) -> 0
B18: IVA SOBRE UTILIDAD | C18: 0.19 | D18: =ROUNDUP((+D17*C18),0) -> 0
B19: PÓLIZAS
B20: VALOR TOTAL OBRA CIVIL | D20: =SUM(D15:D19) -> 0
B22: =+B9 -> 1610 - CAII CHIGORODÓ
B23: COSTOS DIRECTOS | D23: =+D9 -> 0
B24: ADMINISTRACIÓN | C24: =+$C$16 -> 0 | D24: =ROUNDUP(+D23*C24,0) -> 0
B25: UTILIDAD | C25: =+$C$17 -> 0.05 | D25: =ROUND((+D23*C25),0) -> 0
B26: IVA SOBRE UTILIDAD | C26: =+$C$18 -> 0.19 | D26: =ROUND((+D25*C26),0) -> 0
B27: PÓLIZAS | D27: =IFERROR(ROUND(+$D$19*(D23/$D$15),0),0) -> 0
B28: VALOR TOTAL OBRA CIVIL | D28: =SUM(D23:D27) -> 0
B30: =+B10 -> 1620 - CAII 4 DE JUNIO
B31: COSTOS DIRECTOS | D31: =+D10 -> 0
B32: ADMINISTRACIÓN | C32: =+$C$16 -> 0 | D32: =ROUND(+D31*C32,0) -> 0
B33: UTILIDAD | C33: =+$C$17 -> 0.05 | D33: =ROUND((+D31*C33),0) -> 0
B34: IVA SOBRE UTILIDAD | C34: =+$C$18 -> 0.19 | D34: =ROUND((+D33*C34),0) -> 0
B35: PÓLIZAS | D35: =IFERROR(ROUND(+$D$19*(D31/$D$15),0),0) -> 0
B36: VALOR TOTAL OBRA CIVIL | D36: =SUM(D31:D35) -> 0
B38: =+B11 -> 2026 - CAII CAREPA
B39: COSTOS DIRECTOS | D39: =+D11 -> 0
B40: ADMINISTRACIÓN | C40: =+$C$16 -> 0 | D40: =ROUND(+D39*C40,0) -> 0
B41: UTILIDAD | C41: =+$C$17 -> 0.05 | D41: =ROUND((+D39*C41),0) -> 0
B42: IVA SOBRE UTILIDAD | C42: =+$C$18 -> 0.19 | D42: =ROUND((+D41*C42),0) -> 0
B43: PÓLIZAS | D43: =IFERROR(ROUND(+$D$19*(D39/$D$15),0),0) -> 0
B44: VALOR TOTAL OBRA CIVIL | D44: =SUM(D39:D43) -> 0
B46: =+B12 -> 2240 - CAII REPOSO
B47: COSTOS DIRECTOS | D47: =+D12 -> 0
B48: ADMINISTRACIÓN | C48: =+$C$16 -> 0 | D48: =ROUND(+D47*C48,0) -> 0
B49: UTILIDAD | C49: =+$C$17 -> 0.05 | D49: =ROUND((+D47*C49),0) -> 0
B50: IVA SOBRE UTILIDAD | C50: =+$C$18 -> 0.19 | D50: =ROUND((+D49*C50),0) -> 0
B51: PÓLIZAS | D51: =IFERROR(ROUND(+$D$19*(D47/$D$15),0),0) -> 0
B52: VALOR TOTAL OBRA CIVIL | D52: =SUM(D47:D51) -> 0
B54: =+B13 -> 6090 - CAII MARIA ELENA DE CROVO
B55: COSTOS DIRECTOS | D55: =+D13 -> 0
B56: ADMINISTRACIÓN | C56: =+$C$16 -> 0 | D56: =ROUND(+D55*C56,0) -> 0
B57: UTILIDAD | C57: =+$C$17 -> 0.05 | D57: =ROUND((+D55*C57),0) -> 0
B58: IVA SOBRE UTILIDAD | C58: =+$C$18 -> 0.19 | D58: =ROUND((+D57*C58),0) -> 0
B59: PÓLIZAS | D59: =IFERROR(ROUND(+$D$19*(D55/$D$15),0),0) -> 0
B60: VALOR TOTAL OBRA CIVIL | D60: =SUM(D55:D59) -> 0

Sheet PPTO GRAL CHIGORODÓ
B2: =RESUMEN!C3 -> Reparaciones Locativas en los diferentes Centros de Atención Integral a la primera Infancia (CAII) en el Urabá Antioqueño. | G2: #VALUE!
B9: Columna1 | C9: Columna2 | D9: Columna3 | E9: Columna4 | F9: Columna5 | G9: Columna6
B10: ÍTEM | C10: DESCRIPCIÓN | D10: UNIDAD | E10: CANTIDAD | F10: V. UNITARIO | G10: VALOR TOTAL
B11: 1 | C11: 1610 - CAII CHIGORODÓ | G11: =+G12+G22+G46+G57 -> 0
B12: 1.1 | C12: DEMOLICIONES Y RETIROS | G12: =SUM(G13:G21) -> 0
B13: 1,1,1 | C13: Desmonte y retiro de PORTÓN CORREDIZO de cualquier material, de dimensiones variables. Incluye: desmonte y retiro de riel, puerta, ruedas, estructura de soporte, platinas, fijaciones, (motor y sistema de engranaje si es el caso), recuperación de los materiales aprovechables, cargue, transporte y botada del material sobrante en botaderos certificados, también incluye todos los equipos, herramientas, materiales, mano de obra y todos los demás elementos necesarios para su correcto desmontaje. | D13: m2 | E13: 19.95 | G13: =+IFERROR(ROUND(F13*E13,0),0) -> 0
B14: 1,1,2 | C14: Desmonte y retiro de CONCERTINA EN ACERO INOXIDABLE DE CUALQUIER DIAMETRO en acero, bajo cualquier grado de altura. Incluye: desmonte y retiro de la concertina, fijaciones, armada y desarmada de andamios, cargue, transporte y botada del material sobrante en botaderos certificados, materiales, herramientas, equipos, mano de obra y todos los demás elementos necesarios para su correcta instalación y funcionamiento. | D14: m | E14: 20.52 | G14: =+IFERROR(ROUND(F14*E14,0),0) -> 0
B15: 1,1,3 | C15: Desmonte y retiro de MACHIMBRE DE MADERA EN CUBIERTA DE TEJA LIVIANA (metálica, UPVC, entre otros), bajo cualquier grado de altura. Incluye: desmonte temporal de la teja liviana, desmonte, cargue, transporte y disposición final de la impermeabilización (si aplica) y machimbre, así como incluye los equipos, herramientas, mano de obra y todos los elementos necesarios para su correcto desmontaje y retiro. | D15: m2 | E15: 8.75 | G15: =+IFERROR(ROUND(F15*E15,0),0) -> 0
B16: 1,1,4 | C16: Desmonte y retiro de POLISOMBRA NEGRA, bajo cualquier grado de altura. Incluye: retiro de la malla y su estructura en madera (si es el caso), puertas, del mismo material, dejar superficie limpia, cargue, transporte y disposición final en botaderos certificados, equipos, herramientas, mano de obra y todos los demás elementos necesarios para su correcto desmontaje y retiro. | D16: m2 | E16: 32 | G16: =+IFERROR(ROUND(F16*E16,0),0) -> 0
B17: 1,1,5 | C17: Desmonte y retiro de LUMINARIAS, de cualquier tipo a altura igual o menor a 4m. Incluye: cargue, transporte, recuperación de los materiales aprovechables y su transporte hasta el sitio que lo indique la supervisión, demás equipos, herramientas, mano de obra y todos los demás elementos necesarios para su correcta ejecución. | D17: und | E17: 8 | G17: =+IFERROR(ROUND(F17*E17,0),0) -> 0
B18: 1,1,6 | C18: Desmonte de JUEGO DE TAPA Y MARCO METÁLICO DE 90X90cm, a nivel de piso igual o inferior a 2m. Incluye: desmonte, cargue, transporte, recuperación de los materiales aprovechables y su transporte hasta el sitio que lo indique la supervisión, demás equipos, herramientas, mano de obra y todos los demás elementos necesarios para su correcta ejecución. | D18: und | E18: 1 | G18: =+IFERROR(ROUND(F18*E18,0),0) -> 0
B19: 1,1,7 | C19: Desmonte y retiro de TANQUES DE ALMACENAMIENTO DE AGUA POTABLE en polietileno o similar, de hasta 2.000 L de capacidad. Inclye: retiro, cargue, transporte y disposición final en botaderos autorizados, desconexión del juego de accesorios, acoples y mangueras, materiales, equipos, herramientas, mano de obra y todos los demás elementos necesarios para su correcta ejecución. | D19: und | E19: 2 | G19: =+IFERROR(ROUND(F19*E19,0),0) -> 0
B20: 1,1,8 | C20: Desmonte de CORTINA ENROLLABLE METÁLICA, de cualquier especificación y dimensión. Incluye: desmonte y transporte interno hasta donde lo indique la supervisión de todos los componentes, tales como: guías, rodillo, cajón, correas, resortes, tambor, entre otros; así mismo incluye andamios y los demás equipos, herramientas, mano de obra y todos los demás elementos necesarios para su correcta ejecución. | D20: m2 | E20: 3.08 | G20: =+IFERROR(ROUND(F20*E20,0),0) -> 0
B21: 1,1,9 | C21: Desmonte y retiro de ALERO Y/O REMATE METÁLICO EN CUBIERTAS LIVIANAS, bajo cualquier grado de altura. Incluye: desmonte, retiro, cargue, transporte y disposición final en botadero certificado del alero metálico, fijaciones y demás accesorios, así mismo incluye equipos, herramientas, mano de obra y todos los demás elementos necesarios para su correcta ejecución. | D21: m | E21: 58.7 | G21: =+IFERROR(ROUND(F21*E21,0),0) -> 0
B22: 1.2 | C22: ACABADOS | G22: =SUM(G23:G45) -> 0
B23: 1,2,1 | C23: Suministro, transporte y aplicación de PINTURA A BASE DE AGUA EN MUROS Y CIELOS, PINTURA PARA INTERIOR VINILO TIPO I (colores por definir) de primera calidad, sobre muros revocados y/o estucados, tres manos o las necesarias hasta obtener una superficie pareja y homogénea. Incluye: suministro, transporte y colocación de materiales, equipos y herramientas, mano de obra, resanes, tapa poros en estuco plástico tipo plastestuco o equivalente, adecuación de la superficie a intervenir hasta obtener una superficie pareja y homogénea y todos los demás elementos necesarios para su correcta ejecución y funcionamiento. | D23: m2 | E23: 435.269 | G23: =+IFERROR(ROUND(F23*E23,0),0) -> 0
B24: 1,2,2 | C24: Suministro, transporte y aplicación de PINTURA A BASE DE AGUA EN MUROS Y CIELOS, PINTURA ACRÍLICA PARA INTERIOR ALTA ASEPSIA (colores por definir) de primera calidad, sobre muros revocados y/o estucados, tres manos o las necesarias hasta obtener una superficie pareja y homogénea. Incluye: suministro, transporte y colocación de materiales, equipos y herramientas, mano de obra, resanes, tapa poros en estuco plástico tipo plastestuco o equivalente, adecuación de la superficie a intervenir hasta obtener una superficie pareja y homogénea y todos los demás elementos necesarios para su correcta ejecución y funcionamiento. | D24: m2 | E24: 1070.714 | G24: =+IFERROR(ROUND(F24*E24,0),0) -> 0
B25: 1,2,3 | C25: Suministro, transporte y aplicación de PINTURA EPÓXICA A BASE DE AGUA EN MUROS Y CIELOS (colores por definir) de primera calidad cumpliendo con normas de higiene en zonas donde requieran alto grado de asepsia, buena resistencia química y/o estén expuestos a alta humedad, tres manos o las necesarias hasta obtener una superficie pareja y homogénea. Incluye: suministro, transporte y colocación de la pintura y demás materiales, equipos y herramientas, mano de obra, resanes, tapa poros en estuco plástico, adecuación de la superficie a intervenir hasta obtener una superficie pareja y homogénea y todos los demás elementos necesarios para su correcta ejecución y funcionamiento. | D25: m2 | E25: 222.48 | G25: =+IFERROR(ROUND(F25*E25,0),0) -> 0
B26: 1,2,4 | C26: Suministro, transporte y aplicación de PINTURA PARA EXTERIORES TIPO KORAZA o similar, desarrollo de la actividad a cualquier altura, color a definir según aprobación de la supervisión. Incluye: limpieza de la superficie, suministro y aplicación de la pintura (tres manos o las necesarias para su correcta apariencia y estética), materiales, equipos, herramientas, mano de obra y todos los demás elementos necesarios para su correcta aplicación y funcionamiento. | D26: m2 | E26: 309.3785 | G26: =+IFERROR(ROUND(F26*E26,0),0) -> 0
B27: 1,2,5 | C27: Suministro, transporte y aplicación de PINTURA PARA EXTERIORES SOBRE MUROS EN LADRILLO A LA VISTA TIPO KORAZA o similar, desarrollo de la actividad a cualquier altura, color a definir según aprobación de la supervisión. Incluye: limpieza de la superficie, demarcación, ranurado y acabado de los ladrillos a la vista, suministro y aplicación de pintura (tres manos o las necesarias para su correcta apariencia y estética) de: mortero de pega, ladrillo a la vista, metro lineal de zócalo y vigas superiores; así mismo inluye todos los materiales, equipos, herramientas, mano de obra y todos los demás elementos necesarios para su correcta aplicación y funcionamiento. | D27: m2 | E27: 404.2095 | G27: =+IFERROR(ROUND(F27*E27,0),0) -> 0
B28: 1,2,6 | C28: Suministro, transporte y aplicación de TRATAMIENTO PARA HUMEDAD ASCENDENTE EN MUROS PERIMETRALES. Incluye: demolición de pañete y acabados deteriorados, limpieza mecánica de sales y hongos, aplicación de impermeabilizante cementicio flexible bicomponente tipo SikaTop-107 Seal CO o equivalente, aplicado en mínimo dos capas cruzadas, reposición de pañete impermeable con aditivo hidrófugo, resane, afinado, cargue, transporte y disposición final de escombros, así mismo incluye equipos, herramientas, mano de obra, andamios y todos los demás elementos necesarios para su correcta ejecución. | D28: m2 | E28: 29.7 | G28: =+IFERROR(ROUND(F28*E28,0),0) -> 0
B29: 1,2,7 | C29: Suministro, transporte y colocación de MACHIMBRE DE MADERA EN CUBIERTA DE TEJA LIVIANA (metálica, UPVC, entre otros), bajo cualquier grado de altura. Incluye: suministro e instalación de tablilla en madera inmunizada al vacío presión en pino pátula machimbrada, impermeabilización en frío con tela asfáltica tipo permofit o equivalente, acabado tipo IMPRA o equivalente para aplicarse sobre tablilla, reinstalación de la teja liviana, demás herramientas, equipos, mano de obra y todos los demás elementos necesarios para su correcta construcción y funcionamiento. | D29: m2 | E29: 8.75 | G29: =+IFERROR(ROUND(F29*E29,0),0) -> 0
B30: 1,2,8 | C30: Suministro, transporte y colocación de CANOA EN U, EN LÁMINA GALVANIZADA CALIBRE 22, desarrollo de 1m, bajo cualquier grado de altura. Incluye: embudos en el mismo material de la canoa, soldadura de estaño, soportes, tornillos autoperforantes, anticorrosivo epóxico por ambas caras, suministro y aplicación de pintura tipo Pintulux o similar (dos manos o las necesarias hasta garantizar una superficie pareja y homógenea), mano de obra, materiales, equipos, herramientas y todos los demás elementos necesarios para su correcta instalación y mantenimiento. | D30: m | E30: 100.4 | G30: =+IFERROR(ROUND(F30*E30,0),0) -> 0
B31: 1,2,9 | C31: Suministro, transporte e instalación de CONCERTINA EN ACERO INOXIDABLE DE 18", cuchilla extra larga tipo razzor y alma en acero 1070. Incluye: suministro e instalación de la concertina, fijaciones, armada y desarmada de andamios, materiales, herramientas, equipos, mano de obra y todos los demás elementos necesarios para su correcta instalación y funcionamiento. | D31: m | E31: 20.52 | G31: =+IFERROR(ROUND(F31*E31,0),0) -> 0
B32: 1,2,10 | C32: Suministro, transporte e instalación de PORTÓN CORREDIZO EN TUBERÍA GALVANIZADA 2" FORRADA EN MALLA ESLABONADA, de dimensión y diseño a definir en sitio. Incluye: suministro e instalación del portón enmarcada en ángulo 1x1/8" forrada en malla eslabonada calibre 10 ojo 5cm, riel, guia aérea, ruedas, carretas de piso, platinas, chapa candado de máxima seguridad, fijaciones, también incluye todos los equipos, herramientas, materiales, mano de obra y todos los demás elementos necesarios para su correcto desmontaje. NO incluye motor ni sistema de engranaje. | D32: m2 | E32: 19.95 | G32: =+IFERROR(ROUND(F32*E32,0),0) -> 0
B33: 1,2,11 | C33: Suministro, transporte e instalación de POLISOMBRA AL 80% ANTI UV color negro para instalar en plano horizontal o vertical. Incluye: suministro e instalación de malla y fijaciones, herramientas, mano de obra y todos los demás elementos necesarios para su correcta ejecución y funcionamiento. | D33: m2 | E33: 325 | G33: =+IFERROR(ROUND(F33*E33,0),0) -> 0
B34: 1,2,12 | C34: Suministro, transporte e instalación de SISTEMA DE GUAYAS Y TENSORES como soporte para cubiertas en polisombra o similar. Incluye: suministro e instalación de las guayas, tensores, anclajes, herramientas, equipos, mano de obra y todos los demás elementos necesarios para su correcta ejecución y funcionamiento. | D34: m | E34: 158.84 | G34: =+IFERROR(ROUND(F34*E34,0),0) -> 0
... B45: 1,2,23 | C45: Suministro, transporte e instalación de ALERO Y/O REMATE METÁLICO GALVANIZADO CALIBRE 22 DESARROLLO DE MÁX. 40cm EN CUBIERTAS LIVIANAS, bajo cualquier grado de altura. Incluye: suministro e instalación de alero metálico tipo gotero, fijaciones, anclajes, sello poliuretano tipo sika 1A o similar, suministro y aplicación de pintura pintulux 3 en 1 de pintuco o similar, demás equipos, herramientas, mano de obra y todos los demás elementos necesarios para su correcta instalación y funcionamiento. | D45: m | E45: 58.7 | G45: =+IFERROR(ROUND(F45*E45,0),0) -> 0
B46: 1.3 | C46: INSTALACIONES ELÉCTRICAS, ILUMINACIÓN Y TELECOMUNICACIONES | G46: =SUM(G47:G56) -> 0
B47: 1,3,1 | C47: Suministro, transporte e instalación de LUMINARIA PANEL LED RECTANGULAR 30x120cm, luz fría de 40w 100-227v. Incluye: suministro e instalación de la luminaria, elementos de fijación, empalme, equipos, herramientas, mano de obra y todos los demás elementos necesarios para su correcta instalación y funcionamiento. | D47: und | E47: 1 | G47: =+IFERROR(ROUND(F47*E47,0),0) -> 0
B48: 1,3,2 | C48: Suministro, transporte e instalación de LUMINARIA LED HERMÉTICA DE SOBREPONER, luz blanca de 40w 100-227v. Incluye: suministro e instalación de luminaria, elementos de fijación, empalme, herramientas, mano de obra y todos los demás accesorios necesarios para su correcta instalación y funcionamiento. | D48: und | E48: 7 | G48: =+IFERROR(ROUND(F48*E48,0),0) -> 0
B49: 1,3,3 | C49: Suministro, transporte e instalación de APARATO INTERRUPTOR SENCILLO PARA ILUMINACIÓN tipo levinton instalado en caja. Incluye: suministro e instalación de cable 3 No.12 THHNTHWN-LS libre de halógenos (hasta 2m), caja metálica 4x4cm, aparato tipo Luminex blanco, conectores autodesforre 3m, marcación, herramientas, mano de obra y todos los demás elementos para su correcta instalación y funcionamiento. | D49: und | E49: 1 | G49: =+IFERROR(ROUND(F49*E49,0),0) -> 0
B50: 1,3,4 | C50: SALIDA EN CAJA 12x12x5cm sobrepuesto en techo u otras áreas para ILUMINACIÓN. Incluye: suministro e instalación de cable 3 No.12 THHN-THWN-LS, tubería EMT 3/4" (ambos 3 metros por salida), caja metálica 12x12x5, prensa estopa, marcación, equipos, herramientas, mano de obra y todos los demás elementos necesarios para su correcta instalación. | D50: und | E50: 10 | G50: =+IFERROR(ROUND(F50*E50,0),0) -> 0
B51: 1,3,5 | C51: Suministro, transporte e instalación de TUBERÍA ELÉCTRICA EMT DE Ø 3/4”, a altura menor o igual a 4m. Incluye: suministro e instalación del tubo, tendido, uniones, curvas, fijaciones, equipos, herramientas, mano de obra y todos los demás elementos necesarios para su correcta instalación y funcionamiento. | D51: m | E51: 50 | G51: =+IFERROR(ROUND(F51*E51,0),0) -> 0
B52: 1,3,6 | C52: Suministro, transporte e instalación de CABLE ENCAUCHETADO 3x12 AWG- ST-C cobre blando. Incluye: suministro e instalación del cable, conectores, marcación, herramientas, mano de obra y todos los demás accesorios necesarios para su correcta instalación y funcionamiento según RETIE. | D52: m | E52: 50 | G52: =+IFERROR(ROUND(F52*E52,0),0) -> 0
B53: 1,3,7 | C53: Suministro, transporte e instalación de CIRCUITOS RAMALES EN CABLE DE COBRE 3No.12 LSHF AWG. Incluye: suministro e instalación del cable, conectores resorte y cinta aislante, equipos, herramientas, mano de obra y todos los demás elementos necesarios para su correcta instalación y funcionamiento. | D53: m | E53: 100 | G53: =+IFERROR(ROUND(F53*E53,0),0) -> 0
B54: 1,3,8 | C54: SALIDA INTERRUPTOR SENCILLO PARA ILUMINACIÓN tipo levinton instalado en caja. Incluye: suministro e instalación de cable 3 No.12 THHNTHWN-LS libre de halógenos, tubería EMT 3/4" (ambos 3 metros por cada salida), caja metálica 4x4cm, aparato tipo Luminex blanco, conectores autodesforre 3m, marcación, herramientas, mano de obra y todos los demás elementos para su correcta instalación y funcionamiento. | D54: und | E54: 10 | G54: =+IFERROR(ROUND(F54*E54,0),0) -> 0
B55: 1,3,9 | C55: Suministro, transporte e instalación de REFLECTOR LED JETA PARA LA INTEMPERIE DE 100w 100-240v 10500lum IP65. Incluye: suministro e instalación del reflector, marcación, anclajes, fijaciones, empalmes, conectores, equipos, herramientas, mano de obra y todos los demás elementos necesarios para su correcta instalación y funcionamiento. | D55: und | E55: 10 | G55: =+IFERROR(ROUND(F55*E55,0),0) -> 0
B56: 1,3,10 | C56: Desmonte y reinstalación de LUMINARIAS, de cualquier tipo y a alturas menor o igual a 6m. Incluye: desmonte de luminaria actual, suministro, transporte e instalación de cancamos, guayas, tornillería, cable encauchetado adicional y todos los demás elementos necesarios para la reinstalación de las luminarias a menor altura y ancladas a la estructura de madera de la cubierta; así mismo incluye los equipos, andamios, herramientas, mano de obra y todos los demás elementos necesarios para su correcta ejecución y funcionamiento. | D56: und | E56: 18 | G56: =+IFERROR(ROUND(F56*E56,0),0) -> 0
B57: 1.4 | C57: MANTENIMIENTOS | G57: =SUM(G58:G72) -> 0
B58: 1,4,1 | C58: Mantenimiento correctivo de CUBIERTAS LIVIANAS (teja metálica, teja policarbonato, cubierta liviana o similares), bajo cualquier grado de altura y pendiente. Incluye: limpieza y reacomodación de las tejas existentes, ajuste de las amarraderas y acopio de residuos en sitios autorizados, resane de fisuras leves en teja igual o inferior al 10% del área total de la teja con cinta bituminosa sika multiseal 10 1,22mm o similar, mano de obra, transporte de materiales, equipos, herramientas y todos los demás elementos necesarios para su correcto mantenimiento. | D58: m2 | E58: 299.664 | G58: =+IFERROR(ROUND(F58*E58,0),0) -> 0
B59: 1,4,2 | C59: Mantenimiento preventivo de CANOAS Y BAJANTES en cualquier tipo de cubierta y a cualquier grado de altura. Incluye: limpieza y ajuste de todos y cada uno de sus elementos que lo componen, mano de obra, materiales, equipos, herramientas y todos los demás elementos necesarios para su correcta limpieza y mantenimiento. | D59: m | E59: 105.2 | G59: =+IFERROR(ROUND(F59*E59,0),0) -> 0
B60: 1,4,3 | C60: Mantenimiento de CERRAMIENTO EN MALLA ESLABONADA Y/O ONDULADA, con cambio parcial de malla no mayor al 20% y postes. Incluye: suministro e instalación de malla y postes nuevos, reinstalación de puertas, fijaciones, lijado, pintura anticorrosiva (tres manos o las necesarias o hasta obtener una superficie pareja y homogénea), grapas, equipos, herramientas, mano de obra y todos los demás elementos necesarios para su correcto mantenimiento y funcionamiento. No incluye concertina. | D60: m2 | E60: 157.32 | G60: =+IFERROR(ROUND(F60*E60,0),0) -> 0
B61: 1,4,4 | C61: Retiro y limpieza de PINTURA EN PASAMANOS Y BARANDAS METÁLICAS DE PARQUE INFANTIL de cualquier tipo y dimensión, por medios mecánicos según norma SP3, a altura igual o menor a 6m. Incluye: andamios, cepillos eléctricos, amoladoras y sus accesorios, lijado, todos los EPP necesarios para el trabajo seguro en alturas, materiales, equipos, herramientas, mano de obra y todos los demás elementos necesarios para su correcta remoción. Incluye todas las caras del elemento metálico. | D61: m | E61: 57.6 | G61: =+IFERROR(ROUND(F61*E61,0),0) -> 0
B62: 1,4,5 | C62: Reparación, mantenimiento y pintura de EN PASAMANOS Y BARANDAS METÁLICAS DE PARQUE INFANTIL de cualquier tipo y dimensión, bajo cualquier grado de altura. Incluye: andamios, ajuste y lubricación de tornillería y bisagras, revisión y reparación de soldaduras, resane con masilla (máx. 20% del área total), suministro y aplicación mediante equipos airless de imprimante epóxico, anticorrosivo de 2-3mils y pintura poliuretano de 3mils de alta resistencia a la intemperie como acabado final, color a definir en campo, todos los EPP necesarios el para trabajo seguro en alturas, mano de obra, transporte de materiales y todos los demás elementos necesarios para su correcta ejecución. | D62: m | E62: 57.6 | G62: =+IFERROR(ROUND(F62*E62,0),0) -> 0
B63: 1,4,6 | C63: Retiro y limpieza de PINTURA EN ESTRUCTURA METÁLICA DE PARQUE INFANTIL de cualquier tipo y dimensión, por medios mecánicos según norma SP3, a altura igual o menor a 6m. Incluye: andamios, cepillos eléctricos, amoladoras y sus accesorios, lijado, todos los EPP necesarios para el trabajo seguro en alturas, materiales, equipos, herramientas, mano de obra y todos los demás elementos necesarios para su correcta remoción. Incluye todas las caras del elemento metálico. | D63: m2 | E63: 43.2 | G63: =+IFERROR(ROUND(F63*E63,0),0) -> 0
B64: 1,4,7 | C64: Reparación, mantenimiento y pintura de ESTRUCTURA METÁLICA DE PARQUE INFANTIL de cualquier tipo y dimensión, bajo cualquier grado de altura. Incluye: andamios, ajuste y lubricación de tornillería y bisagras, revisión y reparación de soldaduras, resane con masilla (máx. 20% del área total), suministro y aplicación mediante equipos airless de imprimante epóxico, anticorrosivo de 2-3mils y pintura poliuretano de 3mils de alta resistencia a la intemperie como acabado final, color a definir en campo, todos los EPP necesarios el para trabajo seguro en alturas, mano de obra, transporte de materiales y todos los demás elementos necesarios para su correcta ejecución. | D64: m2 | E64: 43.2 | G64: =+IFERROR(ROUND(F64*E64,0),0) -> 0
B65: 1,4,8 | C65: Mantenimiento preventivo de CÁRCAMOS EN CONCRETO, de cualquier dimensión y material. Incluye: limpieza, remoción y retiro del material a remover, lavado con hidrolavadora industrial o similar y jabón industrial, ajuste de las tapas, rejillas, soldadura, herrajes y de cualquier otro elemento que compone el cárcamo, equipos, herramientas, mano de obra y todos los demás elementos necesarios para su correcta ejecución. | D65: m | E65: 42.55 | G65: =+IFERROR(ROUND(F65*E65,0),0) -> 0
B66: 1,4,9 | C66: Mantenimiento preventivo de SUPERFICIES EN MADERA, de cualquier tipo, a alturas igual o menor a 4m. Incluye: pulida de la superficie, limpieza, ajuste de tornillería y/o clips, ajuste o cambio de piezas que lo requieran (igual o menor al 20%), suministro y aplicación de barniz a poro abierto para exteriores marca Barnex de Pintuco o similar, mano de obra, transporte de materiales y todo lo necesario para su correcta función. | D66: m2 | E66: 29.566 | G66: =+IFERROR(ROUND(F66*E66,0),0) -> 0
B67: 1,4,10 | C67: Mantenimiento preventivo de ESTRUCTURAS EN MADERA de cualquier tipo, rectangular y/o redonda, bajo cualquier grado de altura. Incluye: pulida de la superficie, limpieza, ajuste de tornillería y/o clips, ajuste o cambio de piezas que lo requieran (igual o menor al 20%), suministro y aplicación de barniz a poro abierto para exteriores marca Barnex de Pintuco o similar, mano de obra, transporte de materiales y todo lo necesario para su correcta función. | D67: m | E67: 67.2 | G67: =+IFERROR(ROUND(F67*E67,0),0) -> 0
B68: 1,4,11 | C68: Mantenimiento preventivo de CAJA METÁLICA CUADRADA DE 60x60cm con tapa. Incluye: limpieza, remoción y retiro de óxido, ajuste y lubricación de tornillería y bisagras, revisión y reparación de soldaduras, resane con masilla (máx. 20% del área total), suministro y aplicación de pintura 3 en 1 de pintuco o similar para metales, demás equipos, herramientas, mano de obra y todos los demás elementos necesarios para su correcta ejecución. | D68: und | E68: 1 | G68: =+IFERROR(ROUND(F68*E68,0),0) -> 0
B69: 1,4,12 | C69: Mantenimiento preventivo de BANCAS FIJAS EXTERIORES PREFABRICADAS EN CONCRETO, de longitud máxima 1,5m sin espaldar. Incluye: remoción y lavado del concreto con ácido muriático diluido (10-20%), resane con mortero de reparación, suministro y aplicación de pintura esmalte base agua de uso exterior (dos manos o las necesarias hasta obtener una superficie pareja y homogénea) colores a definir, demás equipos, herramientas, mano de obra y todos los demás elementos necesarios para su correcta ejecución. | D69: und | E69: 4 | G69: =+IFERROR(ROUND(F69*E69,0),0) -> 0
... B72: 1,4,15 | C72: Suministro, transporte e instalación de LÍNEA DE VIDA HORIZONTAL EN CUBIERTAS de cualquier tipo y bajo cualquier grado de altura para el trabajo seguro en alturas. Incluye: suministro e instalación de soportes laterales e intermedios, tensores, cable acerado con alma de acero, guarda cables, casquillos, tuercas, arandelas, certificación, placa de identificación y descripción (marca, capacidad portante), demás acciones necesarias para la plena identificación de la línea de vida según requerimientos normativos (resolución 4272 de 2021 y ley 400), así como todos los equipos, herramientas, mano de obra y todos los demás elementos necesarios para su correcta instalación y funcionamiento. Incluye recertificación al año siguiente de la instalación. | D72: m | E72: 85 | G72: =+IFERROR(ROUND(F72*E72,0),0) -> 0
E73: COSTOS DIRECTOS | G73: =G11 -> 0

Sheet PPTO GRAL 4 JUNIO
B2: =RESUMEN!C3 -> Reparaciones Locativas en los diferentes Centros de Atención Integral a la primera Infancia (CAII) en el Urabá Antioqueño. | G2: #VALUE!
B9: Columna1 | C9: Columna2 | D9: Columna3 | E9: Columna4 | F9: Columna5 | G9: Columna6
B10: ÍTEM | C10: DESCRIPCIÓN | D10: UNIDAD | E10: CANTIDAD | F10: V. UNITARIO | G10: VALOR TOTAL
B11: 2 | C11: 1620 - CAII 4 DE JUNIO | G11: =G12+G29+G42+G65+G76+G79 -> 0
B12: 2.1 | C12: DEMOLICIONES Y RETIROS | G12: =SUM(G13:G28) -> 0
B13: 2,1,1 | C13: Desmonte y retiro de POLISOMBRA NEGRA, bajo cualquier grado de altura. Incluye: retiro de la malla y su estructura en madera (si es el caso), puertas, del mismo material, dejar superficie limpia, cargue, transporte y disposición final en botaderos certificados, equipos, herramientas, mano de obra y todos los demás elementos necesarios para su correcto desmontaje y retiro. | D13: m2 | E13: 87.7 | G13: =+IFERROR(ROUND(F13*E13,0),0) -> 0
B14: 2,1,2 | C14: Desmonte y retiro de CONCERTINA EN ACERO INOXIDABLE DE CUALQUIER DIAMETRO en acero, bajo cualquier grado de altura. Incluye: desmonte y retiro de la concertina, fijaciones, armada y desarmada de andamios, cargue, transporte y botada del material sobrante en botaderos certificados, materiales, herramientas, equipos, mano de obra y todos los demás elementos necesarios para su correcta instalación y funcionamiento. | D14: m | E14: 111.5 | G14: =+IFERROR(ROUND(F14*E14,0),0) -> 0
B15: 2,1,3 | C15: Demolición y retiro de MH EN CONCRETO. Incluye: demolición y retiro de tapa con marco, anillo, cuello y/o cono, cuerpos, mesa y/o base de nivelación, ganchos y los demás elementos que comoponenen el MH, cargue, transporte y disposición final en botaderos certificados, equipos, herramientas, mano de obra y todos los demás elementos necesarios para su correcto desmontaje. | D15: und | E15: 1 | G15: =+IFERROR(ROUND(F15*E15,0),0) -> 0
B16: 2,1,4 | C16: Desmonte y retiro de ESPEJOS, bajo cualquier grado de altura y de cualquier calibre. Incluye: desmonte del espejo y marco si es el caso, retiro, cargue, transporte y disposición final en botaderos autorizados o transporte interno en óptimas condiciones para ser entregado al sitio donde lo indique la supervisión, también incluye todos los equipos, herramientas, mano de obra y demás elementos necesarios para su correcta ejecución. | D16: m2 | E16: 4.5 | G16: =+IFERROR(ROUND(F16*E16,0),0) -> 0
B17: 2,1,5 | C17: Desmonte y retiro de PAPELERAS, JABONERAS, DISPENSADORES, LETREROS, AVISOS, REPISAS, entre otros. Incluye: cargue, transporte, disposición final y/o la recuperación de los mismos; asi mismo incluye todos los equipos, herramientas, mano de obra y demás elementos necesarios para su correcta ejecución. | D17: und | E17: 18 | G17: =+IFERROR(ROUND(F17*E17,0),0) -> 0
B18: 2,1,6 | C18: Desmonte de DIVISIONES Y/O PUERTAS EN ACRÍLICO Y/O ALUMINIO, de cualquier dimensión y calibre. Incluye: desmonte de divisiones y/o puertas en acrílicio y/o aluminio para baños, cocinas, repisas colgantes, tabiques, herrajes, cerraduras, topes, entre otros; cargue, transporte y disposición final en botaderos certificados, también incluye todos los equipos, herramientas, mano de obra y demás elementos necesarios para su correcta ejecución. | D18: m2 | E18: 46.44 | G18: =+IFERROR(ROUND(F18*E18,0),0) -> 0
B19: 2,1,7 | C19: Desmonte y retiro de GRIFERÍA DE DUCHAS SENCILLAS Y DOBLES. Incluye: retiro, cargue, transporte y disposición final en botaderos autorizados de regadera y pomos, materiales, equipos, herramientas, mano de obra y todos los demás elementos necesarios para su correcta ejecución. | D19: und | E19: 4 | G19: =+IFERROR(ROUND(F19*E19,0),0) -> 0
B20: 2,1,8 | C20: Desmonte y retiro de GRIFERÍA DE LAVAMANOS de cualquier tipo. Incluye: retiro, cargue, transporte y disposición final en botaderos autorizados, materiales, equipos, herramientas, mano de obra y todos los demás elementos necesarios para su correcta ejecución. | D20: und | E20: 6 | G20: =+IFERROR(ROUND(F20*E20,0),0) -> 0
B21: 2,1,9 | C21: Desmonte y retiro de APARATOS SANITARIOS (lavamanos, sanitarios, orinales, cambiador de pañales a pared) de cualquier material y dimensión. Incluye: retiro, cargue, transporte y disposición final en botaderos autorizados, materiales, equipos, herramientas, mano de obra y todos los demás elementos necesarios para su correcta ejecución. | D21: und | E21: 14 | G21: =+IFERROR(ROUND(F21*E21,0),0) -> 0
B22: 2,1,10 | C22: Desmonte y retiro de ENCHAPES SOBRE PISOS (baldosín, cerámica, porcelanato, piedra natural). Incluye: retiro, cargue, transporte y disposición final en botaderos certificados, retiro de pegas, morteros, biseles en madera y/o cerámica, dejar la superficie lisa y limpia, así mismo incluye los equipos, herramientas, mano de obra y todos los demás elementos necesarios para su correcta ejecución. | D22: m2 | E22: 32.98 | G22: =+IFERROR(ROUND(F22*E22,0),0) -> 0
B23: 2,1,11 | C23: Desmonte y retiro de ENCHAPES SOBRE MUROS (baldosín, cerámica, porcelanato, piedra natural). Incluye: retiro, cargue, transporte y disposicion final en botaderos certificados, retiro de pegas, morteros, biseles en madera y/o cerámica, dejar la superficie lisa y limpia, así mismo incluye los equipos, herramientas, mano de obra y todos los demás elementos necesarios para su correcta ejecución. | D23: m2 | E23: 54.29 | G23: =+IFERROR(ROUND(F23*E23,0),0) -> 0
B24: 2,1,12 | C24: Demolición de MORTEROS DE PISOS, manual o mecanicamente para nivelación de piso espesor entre 3cm a 5cm. Incluye: cargue, transporte y disposicion final en botaderos certificados, equipos, herramientas, mano de obra y todos los demás elementos necesarios para su correcta ejecución. | D24: m2 | E24: 32.98 | G24: =+IFERROR(ROUND(F24*E24,0),0) -> 0
... B28: 2,1,16 | C28: Desmonte y retiro de LUMINARIAS, de cualquier tipo a altura igual o menor a 4m. Incluye: cargue, transporte, recuperación de los materiales aprovechables y su transporte hasta el sitio que lo indique la supervisión, demás equipos, herramientas, mano de obra y todos los demás elementos necesarios para su correcta ejecución. | D28: und | E28: 10 | G28: =+IFERROR(ROUND(F28*E28,0),0) -> 0
B29: 2.2 | C29: EXCAVACIONES Y LLENOS | G29: =+SUM(G30:G41) -> 0
B30: 2,2,1 | C30: EXCAVACIÓN MECÁNICA Y/O MANUAL DE MATERIAL HETEROGÉNEO DE 0-2m, bajo cualquier grado de humedad. Incluye: roca descompuesta, bolas de roca de volumen inferior a 0.35 m³, corte, retiro, cargue, transporte y disposición final del material de excavación en botaderos autorizados, herramientas, equipos, materiales, mano de obra y todos los demás elementos necesarios para su correcta ejecución. | D30: m3 | E30: 9.7312031 | G30: =+IFERROR(ROUND(F30*E30,0),0) -> 0
B31: 2,2,2 | C31: NIVELACIÓN MANUAL DEL TERRENO, bajo cualquier grado de humedad con bolas de roca de hasta 0.35 m³. Incluye: corte de taludes, pendientes y terraceos requeridos según planos de acuerdo a los niveles definitivos y/o definidos por la interventoria y/o la supervisión de Comfenalco, materiales, equipos, herramientas, mano de obra y todos los demás elementos necesarios para su correcta ejecución. | D31: m2 | E31: 5.8306812 | G31: =+IFERROR(ROUND(F31*E31,0),0) -> 0
B32: 2,2,3 | C32: LLENO EN ARENILLA, compactado mecánicamente hasta obtener una densidad del 98% de la máxima obtenida en el ensayo del Próctor modificado. Incluye: suministro, transporte, colocación de la arenilla, compactación de la misma y transporte interno, se mide en sitio ya compactado, materiales, equipos, herramientas, mano de obra y todos los demás elementos necesarios para su correcta ejecución. | D32: m3 | E32: 9.9017031 | G32: =+IFERROR(ROUND(F32*E32,0),0) -> 0
B33: 2,2,4 | C33: Construcción de MESA EN CONCRETO f'c 21MPa PARA MH, de espesor de e=20cm, diámetro variable. Incluye: suministro, transporte y construcción de la mesa en concreto de 21MPa, construcción de cañuela esmaltada con cemento de e=20cm con pendiente transversal del 15%, según especificaciones técnicas de EPM, incluye también el suministro y colocación de todos los materiales, equipos, herramientas, mano de obra y los demás elementos necesarios para su correcta ejecución y funcionamiento. | D33: m2 | E33: 2.2116812 | G33: =+IFERROR(ROUND(F33*E33,0),0) -> 0
B34: 2,2,5 | C34: Suministro, transporte e instalación de CILINDRO PREFABRICADO EN CONCRETO PARA MH DE Ø 1,20m . Incluye: suministro y colocación del cilindro de 1m de alto, según especificaciones técnicas de EPM, demás materiales, equipos, herramientas, mano de obra y todos los demás elementos necesarios para su correcta instalación y funcionamiento. | D34: und | E34: 2 | G34: =+IFERROR(ROUND(F34*E34,0),0) -> 0
B35: 2,2,6 | C35: Suministro, transporte e instalación de PATE EN POLIPROPILENO PARA MH. Incluye: suministro e instalación de los escalones, según especificaciones técnicas de EPM, anclajes, perforaciones, fijaciones, demás materiales, equipos, herramientas, mano de obra y todos los demás elementos necesarios para su correcta instalación y funcionamiento. | D35: und | E35: 10 | G35: =+IFERROR(ROUND(F35*E35,0),0) -> 0
B36: 2,2,7 | C36: Suministro, transporte e instalación de JUEGO DE CUELLO Y ANILLOS PREFABRICADOS EN CONCRETO PARA MH DE Ø 1,20m. Incluye: suministro e instalación del cuello y anillos en concreto de 21MPa, según especificaciones de EPM, anclajes, perforaciones, fijaciones, demás materiales, equipos, herramientas, mano de obra y todos los demás elementos necesarios para su correcta instalación y funcionamiento. | D36: und | E36: 1 | G36: =+IFERROR(ROUND(F36*E36,0),0) -> 0
B37: 2,2,8 | C37: Suministro, transporte e instalación de TAPA EN CONCRETO PARA MH Ø 1,20m. Incluye: suministro y colocación de la tapa en concreto de 21Mpa, herrajes, según especificaciones de EPM, anclajes, perforaciones, fijaciones, demás materiales, equipos, herramientas, mano de obra y todos los demás elementos necesarios para su correcta instalación y funcionamiento. | D37: und | E37: 1 | G37: =+IFERROR(ROUND(F37*E37,0),0) -> 0
B38: 2,2,9 | C38: PERFORACIÓN Y EMPALME EN MH PARA CONEXIÓN DE TUBERÍAS, de cualquier diámetro. Incluye: marcación, demolición y retiro en la zona del cilindro para la conexión y abocada de la tubería, resane, empalmes, según especificaciones de EPM, demás materiales, equipos, herramientas, mano de obra y todos los demás elementos necesarios para su correcta instalación y funcionamiento. | D38: und | E38: 4 | G38: =+IFERROR(ROUND(F38*E38,0),0) -> 0
B39: 2,2,10 | C39: Construcción de ANDÉN EN CONCRETO ESCOBILLADO f'c 21MPa, de espesor e=10cm. Incluye: suministro, transporte y colocación del concreto f'c 21MPa, de la malla electrosoldada D-84; construcción de juntas para andenes de 5x5mm con cortadora de disco, soporte fondo de junta, acabado escobillado y llaneado 0,10m en los bordes, demás equipos, herramientas, mano de obra y todos los demás elementos necesarios para su correcta ejecución y funcionamiento. | D39: m2 | E39: 3.41 | G39: =+IFERROR(ROUND(F39*E39,0),0) -> 0
B40: 2,2,11 | C40: Construcción de CAJA DE INSPECCIÓN DE 60x60cm EN MAMPOSTERÍA DE BLOQUE DE CONCRETO DE 15x20x40cm, espesor apróx. e=15cm, altura máxima de la caja de 1,00m, según diseño. Incluye: suministro, transporte y colocación del bloque, mortero de pega 1:4 espesor máx. e=1,5cm, revoque impermeabilizado, cañuela esmaltada pendientada, tapa en concreto, herrajes, empalmes y resane con tubería, así como los equipos, herramientas, maeriales, mano de obra y todos los demás elementos necesarios para su correcta construcción y funcionamiento. No incluye excavación. | D40: und | E40: 1 | G40: =+IFERROR(ROUND(F40*E40,0),0) -> 0
B41: 2,2,12 | C41: Suministro, transporte e instalación de TUBERÍA ALCANTARILLADO NOVAFORT Ø 6" (160mm). Incluye: suministro e instalación de tubería, cama de arena de 5cm y a medio tubo, empaques, lubricante, empalmes, fijaciones, demás equipos, herramientas, mano de obra y todos los demás elementos necesarios para su correcta instalación y funcionamiento. No incluye televisación. | D41: m | E41: 5.5 | G41: =+IFERROR(ROUND(F41*E41,0),0) -> 0
B42: 2.3 | C42: ACABADOS | G42: =+SUM(G43:G64) -> 0
B43: 2,3,1 | C43: Suministro, transporte y colocación de MURO ACÚSTICO EN SUPERBOARD 8mm a cada lado, 2 caras acabadas, espesor apróx. 12cm. Incluye: suministro e instalación de estructura metálica de 5/8", perfilería base 9 calibre 26 modulada cada 60cm apróx, aislamiento fibroso tipo frescasa o similar de 3" densidad 60kg/m3, cinta malla de 50mm, masilla, acabado final en vinilo tipo I de Pintuco o equivalente (2 manos o las necesarias hasta obtener una superficie pareja y homogénea), andamios, demás equipos, herramientas, mano de obra y todos los demás elementos necesarios para su correcta ejecución y funcionamiento. | D43: m2 | E43: 4 | G43: =+IFERROR(ROUND(F43*E43,0),0) -> 0
B44: 2,3,2 | C44: Suministro, transporte y aplicación de PINTURA A BASE DE AGUA EN MUROS Y CIELOS, PINTURA PARA INTERIOR VINILO TIPO I (colores por definir) de primera calidad, sobre muros revocados y/o estucados, tres manos o las necesarias hasta obtener una superficie pareja y homogénea. Incluye: suministro, transporte y colocación de materiales, equipos y herramientas, mano de obra, resanes, tapa poros en estuco plástico tipo plastestuco o equivalente, adecuación de la superficie a intervenir hasta obtener una superficie pareja y homogénea y todos los demás elementos necesarios para su correcta ejecución y funcionamiento. | D44: m2 | E44: 116.04 | G44: =+IFERROR(ROUND(F44*E44,0),0) -> 0
B45: 2,3,3 | C45: Suministro, transporte y aplicación de PINTURA A BASE DE AGUA EN MUROS Y CIELOS, PINTURA ACRÍLICA PARA INTERIOR ALTA ASEPSIA (colores por definir) de primera calidad, sobre muros revocados y/o estucados, tres manos o las necesarias hasta obtener una superficie pareja y homogénea. Incluye: suministro, transporte y colocación de materiales, equipos y herramientas, mano de obra, resanes, tapa poros en estuco plástico tipo plastestuco o equivalente, adecuación de la superficie a intervenir hasta obtener una superficie pareja y homogénea y todos los demás elementos necesarios para su correcta ejecución y funcionamiento. | D45: m2 | E45: 1220.42 | G45: =+IFERROR(ROUND(F45*E45,0),0) -> 0
B46: 2,3,4 | C46: Suministro, transporte y aplicación de PINTURA EPÓXICA A BASE DE AGUA EN MUROS Y CIELOS (colores por definir) de primera calidad cumpliendo con normas de higiene en zonas donde requieran alto grado de asepsia, buena resistencia química y/o estén expuestos a alta humedad, tres manos o las necesarias hasta obtener una superficie pareja y homogénea. Incluye: suministro, transporte y colocación de la pintura y demás materiales, equipos y herramientas, mano de obra, resanes, tapa poros en estuco plástico, adecuación de la superficie a intervenir hasta obtener una superficie pareja y homogénea y todos los demás elementos necesarios para su correcta ejecución y funcionamiento. | D46: m2 | E46: 152.99 | G46: =+IFERROR(ROUND(F46*E46,0),0) -> 0
B47: 2,3,5 | C47: Suministro, transporte y aplicación de PINTURA PARA EXTERIORES TIPO KORAZA o similar, desarrollo de la actividad a cualquier altura, color a definir según aprobación de la supervisión. Incluye: limpieza de la superficie, suministro y aplicación de la pintura (tres manos o las necesarias para su correcta apariencia y estética), materiales, equipos, herramientas, mano de obra y todos los demás elementos necesarios para su correcta aplicación y funcionamiento. | D47: m2 | E47: 162.432 | G47: =+IFERROR(ROUND(F47*E47,0),0) -> 0
B48: 2,3,6 | C48: Suministro, transporte y aplicación de PINTURA PARA EXTERIORES SOBRE MUROS EN LADRILLO A LA VISTA TIPO KORAZA o similar, desarrollo de la actividad a cualquier altura, color a definir según aprobación de la supervisión. Incluye: limpieza de la superficie, demarcación, ranurado, suministro y aplicación de pintura (tres manos o las necesarias para su correcta apariencia y estética) de: mortero de pega, ladrillo a la vista, metro lineal de zócalo y vigas superiores; así mismo inluye todos los materiales, equipos, herramientas, mano de obra y todos los demás elementos necesarios para su correcta aplicación y funcionamiento. | D48: m2 | E48: 1011.416 | G48: =+IFERROR(ROUND(F48*E48,0),0) -> 0
B49: 2,3,7 | C49: Construcción de MORTERO DE NIVELACIÓN IMPERMEABILIZADO 1:4 con impermeabilizante Toxement 1A o similar, espesor máx. e=5cm. Incluye: arena, cemento, impermeabilizante, curado, demás materiales, equipos, herramientas, mano de obra y todos los demás elementos necesarios para su correcta ejecución y funcionamiento. | D49: m2 | E49: 32.98 | G49: =+IFERROR(ROUND(F49*E49,0),0) -> 0
B50: 2,3,8 | C50: Suministro, transporte y colocación de REVOQUE IMPERMEABILIZADO 1:4 con impermeabilizante Toxement 1A o similar, espesor máx. de e=2cm. Incluye: suministro y colocación del mortero en filos, fajas, filetes, ranuras y dilataciones, impermeabilizante, arena fina con el fin de obtener revoques perfectamente hilados, plomados y reglados, curado no menor a siete días con el fin de evitar fisuras o grietas finas en forma de telaraña, herramientas, mano de obra y todos los demás elementos necesarios para su correcta ejecución y funcionamiento. | D50: m2 | E50: 40.21 | G50: =+IFERROR(ROUND(F50*E50,0),0) -> 0
B51: 2,3,9 | C51: Suministro, transporte y colocación de ESTUCO ACRÍLICO PROFESIONAL SOBRE MUROS REVOCADOS, 3 manos mínimo, o las que sean necesarias hasta obtener una superficie pareja y homogénea. Incluye: suministro y transporte de los materiales, filos, fajas, filetes, ranuras y dilataciones, equipos, herramientas, mano de obra y todos los elementos necesarios para su correcta aplicación y funcionamiento. | D51: m2 | E51: 20.7414 | G51: =+IFERROR(ROUND(F51*E51,0),0) -> 0
B52: 2,3,10 | C52: Suministro, transporte e instalación de CONCERTINA EN ACERO INOXIDABLE DE 18", cuchilla extra larga tipo razzor y alma en acero 1070. Incluye: suministro e instalación de la concertina, fijaciones, armada y desarmada de andamios, materiales, herramientas, equipos, mano de obra y todos los demás elementos necesarios para su correcta instalación y funcionamiento. | D52: m | E52: 111.6 | G52: =+IFERROR(ROUND(F52*E52,0),0) -> 0
B53: 2,3,11 | C53: Suministro, transporte e instalación de CIELO FALSO EN PVC, altura máx. h=4m. Incluye: suministro e instalación de la estructura de soporte, cielo en PVC, accesorios y perfiles de remate, equipos, herramientas, mano de obra, así como todos los demás elementos necesarios para su correcta instalación y funcionamiento. | D53: m2 | E53: 23.305 | G53: =+IFERROR(ROUND(F53*E53,0),0) -> 0
B54: 2,3,12 | C54: Suministro, Transporte e Instalación de MEDIACAÑA EN PVC PARA CIELO FALSO. Incluye perfil en PVC plástico de 6 cm, masilla, equipos, herramientas, mano de obra, así como todos los demás elementos necesarios para su correcta instalación y funcionamiento. | D54: m | E54: 27.6 | G54: =+IFERROR(ROUND(F54*E54,0),0) -> 0
... B64: 2,3,22 | C64: Suministro, transporte y aplicación de TRATAMIENTO PARA HUMEDAD ASCENDENTE EN MUROS PERIMETRALES. Incluye: demolición de pañete y acabados deteriorados, limpieza mecánica de sales y hongos, aplicación de impermeabilizante cementicio flexible bicomponente tipo SikaTop-107 Seal CO o equivalente, aplicado en mínimo dos capas cruzadas, reposición de pañete impermeable con aditivo hidrófugo, resane, afinado, cargue, transporte y disposición final de escombros, así mismo incluye equipos, herramientas, mano de obra, andamios y todos los demás elementos necesarios para su correcta ejecución. | D64: m2 | E64: 10 | G64: =+IFERROR(ROUND(F64*E64,0),0) -> 0
B65: 2.4 | C65: INSTALACIONES HIDROSANITARIAS | G65: =+SUM(G66:G75) -> 0
B66: 2,4,1 | C66: Suminitro transporte e instalación de Lavamanos en acero inox 30/32cm de diámetro, incluye fijaciones, accesorios, Grifería lavamanos sencilla, Referencia: Alto Vera Cromo y todos los elementos necesarios para su correcta instalación | D66: und | E66: 2 | G66: =+IFERROR(ROUND(F66*E66,0),0) -> 0
B67: 2,4,2 | C67: Suministro e instalación de ESPEJO RETROILUMINADO FLOTADO ovalado 1,00x0,50, con marco metalico color negro, retro iluminado acorde con diseño arquitectonico. incluye suministro e instalación de cintas led con luz calida con difusor de incrustar para acabados de iluminación y demás items necesarios para su puesta en funcionamiento. | D67: und | E67: 2 | G67: =+IFERROR(ROUND(F67*E67,0),0) -> 0
B68: 2,4,3 | C68: Suministro e instalación de ESPEJO FLOTADO RECTANGULAR 110cm x 50cm marco metálico de 1cm | D68: und | E68: 1 | G68: =+IFERROR(ROUND(F68*E68,0),0) -> 0
B69: 2,4,4 | C69: Suministro, transporte e instalación de MESÓN EN QUARTZTONE BLANCO CON FALDÓN FRONTAL Y LATERAL de 30cm, incluye soportes, estructura y salpicadero de 8cm (baños individuales) (0,7x0,6m) | D69: und | E69: 1 | G69: =+IFERROR(ROUND(F69*E69,0),0) -> 0
B70: 2,4,5 | C70: Suministro, transporte e instalación de LAVAMANOS CORRIDO EN QUARTZTONE BLANCO CON FALDÓN FRONTAL Y LATERAL de 30cm, incluye soportes, estructura y salpicadero de 30cm (lavamanos principal) medidas (1,4x0,6m), incluye la instalación de 4 salidas con Grifería institucional One Push Pared - Corona | D70: und | E70: 1 | G70: =+IFERROR(ROUND(F70*E70,0),0) -> 0
B71: 2,4,6 | C71: Instalación de SANITARIO INFANTIL KIDDY color BLANCO, diseño de dos piezas, incluye el suministro y transporte del sanitario, sifón esmaltado, grifería antisifón, anillo abierto, abasto metálico, válvula de regulación metálica con manguera flexible, brida de fijación, tapón roscado y todos los demás elementos necesarios para su correcta instalación y funcionamiento. | D71: und | E71: 6 | G71: =+IFERROR(ROUND(F71*E71,0),0) -> 0
B72: 2,4,7 | C72: Instalación de SANITARIO AQUA JET PRO color BLANCO, diseño de dos piezas, incluye el suministro y transporte del sanitario, sifón esmaltado, grifería antisifón, anillo abierto, abasto metálico, válvula de regulación metálica con manguera flexible, brida de fijación, tapón roscado y todos los demás elementos necesarios para su correcta instalación y funcionamiento. | D72: und | E72: 2 | G72: =+IFERROR(ROUND(F72*E72,0),0) -> 0
B73: 2,4,8 | C73: Suministro, transporte y colocación de KIT ORINAL PETITE CON VALVULA TIPO PUSH EXPUESTA, accesorios de soporte y todos los demás elementos necesarios para su correcta instalación y funcionamiento. | D73: und | E73: 4 | G73: =+IFERROR(ROUND(F73*E73,0),0) -> 0
B74: 2,4,9 | C74: Suministro, transporte e instalación de DIVISIONES EN ACERO INOXIDABLE AISI 304, calibre 20 con acabado satinado. Incluye: suministro e instalación de la lámina acero inoxidable 304 calibre 20 entamborado con poliestireno expandido, acabado satinado, estructura de soporte en acero inoxidable, accesorios en acero inoxidable (bisagras, seguros, ángulos, platinas, chapas, tabiques, fijaciones, perfilería, haladera, botón, topes, entre otros), anclajes, tornillería, demas equipos, herramientas, mano de obra y todos los demás elementos necesarios para su correcta alineación, nivelación, instalación y funcionamiento. | D74: m2 | E74: 3.5586547 | G74: =+IFERROR(ROUND(F74*E74,0),0) -> 0
B75: 2,4,10 | C75: Suministro, transporte e instalación de Puertas en acero inox, pánel plano.Medida nominal 0.90 x 1.50(verificar medidas en sítio) Puerta 0.70 y pánel fijo 0.20 (o ajustado según medida), incluye anclajes, pernos, fijaciones y demás accesorios para su correcta instalación. | D75: und | E75: 10 | G75: =+IFERROR(ROUND(F75*E75,0),0) -> 0
B76: 2.5 | C76: INSTALACIONES ELÉCTRICAS, ILUMINACIÓN Y TELECOMUNICACIONES | G76: =+SUM(G77:G78) -> 0
B77: 2,5,1 | C77: Suministro, transporte e instalación de LUMINARIA PANEL LED RECTANGULAR 30x120cm, luz fría de 40w 100-227v. Incluye: suministro e instalación de la luminaria, elementos de fijación, empalme, equipos, herramientas, mano de obra y todos los demás elementos necesarios para su correcta instalación y funcionamiento. | D77: und | E77: 5 | G77: =+IFERROR(ROUND(F77*E77,0),0) -> 0
B78: 2,5,2 | C78: Suministro, transporte e instalación de LUMINARIA LED HERMÉTICA DE SOBREPONER, luz blanca de 40w 100-227v. Incluye: suministro e instalación de luminaria, elementos de fijación, empalme, herramientas, mano de obra y todos los demás accesorios necesarios para su correcta instalación y funcionamiento. | D78: und | E78: 5 | G78: =+IFERROR(ROUND(F78*E78,0),0) -> 0
B79: 2.6 | C79: MANTENIMIENTOS | G79: =+SUM(G80:G92) -> 0
B80: 2,6,1 | C80: Mantenimiento preventivo de PUERTAS Y/O REJAS METÁLICAS de cualquier calibre y dimensión. Incluye: ajuste de tornillería, revisión y lubricación de bisagras, suministro, transporte y aplicación de pintura 3 en 1 tipo pintulux o similar, demás equipos, herramientas, mano de obra y todos los demás elementos necesarios para su correcta ejecución. | D80: m2 | E80: 22.995 | G80: =+IFERROR(ROUND(F80*E80,0),0) -> 0
B81: 2,6,2 | C81: Mantenimiento correctivo de CUBIERTAS LIVIANAS (teja metálica, teja policarbonato, cubierta liviana o similares), bajo cualquier grado de altura y pendiente. Incluye: limpieza y reacomodación de las tejas existentes, ajuste de las amarraderas y acopio de residuos en sitios autorizados, resane de fisuras leves en teja igual o inferior al 10% del área total de la teja con cinta bituminosa sika multiseal 10 1,22mm o similar, mano de obra, transporte de materiales, equipos, herramientas y todos los demás elementos necesarios para su correcto mantenimiento. | D81: m2 | E81: 1140.1215 | G81: =+IFERROR(ROUND(F81*E81,0),0) -> 0
B82: 2,6,3 | C82: Mantenimiento preventivo de CANOAS Y BAJANTES en cualquier tipo de cubierta y a cualquier grado de altura. Incluye: limpieza y ajuste de todos y cada uno de sus elementos que lo componen, mano de obra, materiales, equipos, herramientas y todos los demás elementos necesarios para su correcta limpieza y mantenimiento. | D82: m | E82: 269.9 | G82: =+IFERROR(ROUND(F82*E82,0),0) -> 0
B83: 2,6,4 | C83: Mantenimiento preventivo de ESTRUCTURAS EN MADERA de cualquier tipo, rectangular y/o redonda, bajo cualquier grado de altura. Incluye: pulida de la superficie, limpieza, ajuste de tornillería y/o clips, ajuste o cambio de piezas que lo requieran (igual o menor al 20%), suministro y aplicación de barniz a poro abierto para exteriores marca Barnex de Pintuco o similar, mano de obra, transporte de materiales y todo lo necesario para su correcta función. | D83: m | E83: 93 | G83: =+IFERROR(ROUND(F83*E83,0),0) -> 0
B84: 2,6,5 | C84: Mantenimiento de CERRAMIENTO EN MALLA ESLABONADA Y/O ONDULADA, con cambio parcial de malla no mayor al 20% y postes. Incluye: suministro e instalación de malla y postes nuevos, reinstalación de puertas, fijaciones, lijado, pintura anticorrosiva (tres manos o las necesarias o hasta obtener una superficie pareja y homogénea), grapas, equipos, herramientas, mano de obra y todos los demás elementos necesarios para su correcto mantenimiento y funcionamiento. No incluye concertina. | D84: m2 | E84: 234.36 | G84: =+IFERROR(ROUND(F84*E84,0),0) -> 0
B85: 2,6,6 | C85: Mantenimiento preventivo de CÁRCAMOS EN CONCRETO, de cualquier dimensión y material. Incluye: limpieza, remoción y retiro del material a remover, lavado con hidrolavadora industrial o similar y jabón industrial, ajuste de las tapas, rejillas, soldadura, herrajes y de cualquier otro elemento que compone el cárcamo, equipos, herramientas, mano de obra y todos los demás elementos necesarios para su correcta ejecución. | D85: m | E85: 111.6 | G85: =+IFERROR(ROUND(F85*E85,0),0) -> 0
B86: 2,6,7 | C86: Retiro y limpieza de PINTURA EN PASAMANOS Y BARANDAS METÁLICAS DE PARQUE INFANTIL de cualquier tipo y dimensión, por medios mecánicos según norma SP3, a altura igual o menor a 6m. Incluye: andamios, cepillos eléctricos, amoladoras y sus accesorios, lijado, todos los EPP necesarios para el trabajo seguro en alturas, materiales, equipos, herramientas, mano de obra y todos los demás elementos necesarios para su correcta remoción. Incluye todas las caras del elemento metálico. | D86: m | E86: 57.6 | G86: =+IFERROR(ROUND(F86*E86,0),0) -> 0
B87: 2,6,8 | C87: Reparación, mantenimiento y pintura de EN PASAMANOS Y BARANDAS METÁLICAS DE PARQUE INFANTIL de cualquier tipo y dimensión, bajo cualquier grado de altura. Incluye: andamios, ajuste y lubricación de tornillería y bisagras, revisión y reparación de soldaduras, resane con masilla (máx. 20% del área total), suministro y aplicación mediante equipos airless de imprimante epóxico, anticorrosivo de 2-3mils y pintura poliuretano de 3mils de alta resistencia a la intemperie como acabado final, color a definir en campo, todos los EPP necesarios el para trabajo seguro en alturas, mano de obra, transporte de materiales y todos los demás elementos necesarios para su correcta ejecución. | D87: m | E87: 57.6 | G87: =+IFERROR(ROUND(F87*E87,0),0) -> 0
B88: 2,6,9 | C88: Retiro y limpieza de PINTURA EN ESTRUCTURA METÁLICA DE PARQUE INFANTIL de cualquier tipo y dimensión, por medios mecánicos según norma SP3, a altura igual o menor a 6m. Incluye: andamios, cepillos eléctricos, amoladoras y sus accesorios, lijado, todos los EPP necesarios para el trabajo seguro en alturas, materiales, equipos, herramientas, mano de obra y todos los demás elementos necesarios para su correcta remoción. Incluye todas las caras del elemento metálico. | D88: m2 | E88: 43.2 | G88: =+IFERROR(ROUND(F88*E88,0),0) -> 0
B89: 2,6,10 | C89: Reparación, mantenimiento y pintura de ESTRUCTURA METÁLICA DE PARQUE INFANTIL de cualquier tipo y dimensión, bajo cualquier grado de altura. Incluye: andamios, ajuste y lubricación de tornillería y bisagras, revisión y reparación de soldaduras, resane con masilla (máx. 20% del área total), suministro y aplicación mediante equipos airless de imprimante epóxico, anticorrosivo de 2-3mils y pintura poliuretano de 3mils de alta resistencia a la intemperie como acabado final, color a definir en campo, todos los EPP necesarios el para trabajo seguro en alturas, mano de obra, transporte de materiales y todos los demás elementos necesarios para su correcta ejecución. | D89: m2 | E89: 43.2 | G89: =+IFERROR(ROUND(F89*E89,0),0) -> 0
B90: 2,6,11 | C90: Mantenimiento preventivo de VENTANAS DE ALUMINIO CON REJAS METÁLICAS de cualquier calibre y dimensión. Incluye: andamios, ajuste de tornillería, revisión y lubricación de bisagras y demás elementos de la ventana en aluminio, suministro, transporte y aplicación de pintura 3 en 1 tipo pintulux o similar en reja metálica, demás equipos, herramientas, mano de obra y todos los demás elementos necesarios para su correcta ejecución. | D90: m2 | E90: 92.05 | G90: =+IFERROR(ROUND(F90*E90,0),0) -> 0
B91: 2,6,12 | C91: Mantenimiento preventivo de SUPERFICIES EN MADERA, de cualquier tipo, a alturas igual o menor a 4m. Incluye: pulida de la superficie, limpieza, ajuste de tornillería y/o clips, ajuste o cambio de piezas que lo requieran (igual o menor al 20%), suministro y aplicación de barniz a poro abierto para exteriores marca Barnex de Pintuco o similar, mano de obra, transporte de materiales y todo lo necesario para su correcta función. | D91: m2 | E91: 19.6 | G91: =+IFERROR(ROUND(F91*E91,0),0) -> 0
B92: 2,6,13 | C92: Suministro, transporte e instalación de LÍNEA DE VIDA HORIZONTAL EN CUBIERTAS de cualquier tipo y bajo cualquier grado de altura para el trabajo seguro en alturas. Incluye: suministro e instalación de soportes laterales e intermedios, tensores, cable acerado con alma de acero, guarda cables, casquillos, tuercas, arandelas, certificación, placa de identificación y descripción (marca, capacidad portante), demás acciones necesarias para la plena identificación de la línea de vida según requerimientos normativos (resolución 4272 de 2021 y ley 400), así como todos los equipos, herramientas, mano de obra y todos los demás elementos necesarios para su correcta instalación y funcionamiento. Incluye recertificación al año siguiente de la instalación. | D92: m | E92: 87 | G92: =+IFERROR(ROUND(F92*E92,0),0) -> 0
E93: COSTOS DIRECTOS | G93: =G11 -> 0

Sheet PPTO GRAL CAREPA
B2: =RESUMEN!C3 -> Reparaciones Locativas en los diferentes Centros de Atención Integral a la primera Infancia (CAII) en el Urabá Antioqueño. | G2: #VALUE!
B9: Columna1 | C9: Columna2 | D9: Columna3 | E9: Columna4 | F9: Columna5 | G9: Columna6
B10: ÍTEM | C10: DESCRIPCIÓN | D10: UNIDAD | E10: CANTIDAD | F10: V. UNITARIO | G10: VALOR TOTAL
B11: 3 | C11: 2026 - CAII CAREPA | G11: =G12+G19+G33+G29 -> 0
B12: 3.1 | C12: DEMOLICIONES, EXCAVACIONES Y RETIROS | G12: =+SUM(G13:G18) -> 0
B13: 3,1,1 | C13: Desmonte y retiro de POLISOMBRA NEGRA, bajo cualquier grado de altura. Incluye: retiro de la malla y su estructura (si es el caso), puertas, del mismo material, dejar superficie limpia, cargue, transporte y disposición final en botaderos certificados, equipos, herramientas, mano de obra y todos los demás elementos necesarios para su correcto desmontaje y retiro. | D13: m2 | E13: 105 | G13: =+IFERROR(ROUND(F13*E13,0),0) -> 0
B14: 3,1,2 | C14: Desmonte y retiro de CONCERTINA EN ACERO INOXIDABLE DE CUALQUIER DIAMETRO en acero, bajo cualquier grado de altura. Incluye: desmonte y retiro de la concertina, fijaciones, armada y desarmada de andamios, cargue, transporte y botada del material sobrante en botaderos certificados, materiales, herramientas, equipos, mano de obra y todos los demás elementos necesarios para su correcta instalación y funcionamiento. | D14: ml | E14: 121.6 | G14: =+IFERROR(ROUND(F14*E14,0),0) -> 0
B15: 3,1,3 | C15: NIVELACIÓN MANUAL DEL TERRENO, GARANTIZANDO CORRECTO BOMBEO Y MANEJO DE AGUAS LLUVIAS, bajo cualquier grado de humedad con bolas de roca de hasta 0.35 m³. Incluye: corte de taludes, pendientes y terraceos requeridos según planos de acuerdo a los niveles definitivos y/o definidos por la interventoria y/o la supervisión de Comfenalco, materiales, equipos, herramientas, mano de obra y todos los demás elementos necesarios para su correcta ejecución. | D15: m2 | E15: 34 | G15: =+IFERROR(ROUND(F15*E15,0),0) -> 0
B16: 3,1,4 | C16: EXCAVACIÓN MECÁNICA Y/O MANUAL DE MATERIAL HETEROGÉNEO DE 0-2m, bajo cualquier grado de humedad. Incluye: roca descompuesta, bolas de roca de volumen inferior a 0.35 m³, corte, retiro, cargue, transporte y disposición final del material de excavación en botaderos autorizados, herramientas, equipos, materiales, mano de obra y todos los demás elementos necesarios para su correcta ejecución. | D16: m3 | E16: 3.328 | G16: =+IFERROR(ROUND(F16*E16,0),0) -> 0
B17: 3,1,5 | C17: DESMONTE DE CUBIERTA QUIIOSCO PRINCIPAL conformado por TEJA EN MANTO GRANULADO. Incluye: desmonte de manto, acopio, transporte interno y disposición a sitio indicado por la supervisión, equipo de altura, herramientas, mano de obra y todos los demás elementos necesarios para su correcta ejecución. | D17: m2 | E17: 17.64 | G17: =+IFERROR(ROUND(F17*E17,0),0) -> 0
B18: 3,1,6 | C18: Desmonte de CORTINA ENRROLLABLE METÁLICA, de cualquier especificación y dimensión. Incluye: desmonte y transporte interno hasta donde lo indique la supervisión de todos los componentes, tales como: guías, rodillo, cajón, correas, resortes, tambor, entre otros; así mismo incluye andamios y los demás equipos, herramientas, mano de obra y todos los demás elementos necesarios para su correcta ejecución. | D18: m2 | E18: 1.45 | G18: =+IFERROR(ROUND(F18*E18,0),0) -> 0
B19: 3.2 | C19: ACABADOS | G19: =+SUM(G20:G28) -> 0
B20: 3,2,1 | C20: Suministro, transporte y aplicación de PINTURA A BASE DE AGUA EN MUROS Y CIELOS, PINTURA ACRÍLICA PARA INTERIOR ALTA ASEPSIA (colores por definir) de primera calidad, sobre muros revocados y/o estucados, tres manos o las necesarias hasta obtener una superficie pareja y homogénea. Incluye: suministro, transporte y colocación de materiales, equipos y herramientas, mano de obra, resanes, tapa poros en estuco plástico tipo plastestuco o equivalente, adecuación de la superficie a intervenir hasta obtener una superficie pareja y homogénea y todos los demás elementos necesarios para su correcta ejecución y funcionamiento. | D20: m2 | E20: 532.035 | G20: =+IFERROR(ROUND(F20*E20,0),0) -> 0
B21: 3,2,2 | C21: Suministro, transporte y aplicación de PINTURA EPÓXICA A BASE DE AGUA EN MUROS Y CIELOS (colores por definir) de primera calidad cumpliendo con normas de higiene en zonas donde requieran alto grado de asepsia, buena resistencia química y/o estén expuestos a alta humedad, tres manos o las necesarias hasta obtener una superficie pareja y homogénea. Incluye: suministro, transporte y colocación de la pintura y demás materiales, equipos y herramientas, mano de obra, resanes, tapa poros en estuco plástico, adecuación de la superficie a intervenir hasta obtener una superficie pareja y homogénea y todos los demás elementos necesarios para su correcta ejecución y funcionamiento. | D21: m2 | E21: 99.137 | G21: =+IFERROR(ROUND(F21*E21,0),0) -> 0
B22: 3,2,3 | C22: Suministro, transporte y aplicación de PINTURA PARA EXTERIORES SOBRE MUROS EN LADRILLO A LA VISTA TIPO KORAZA o similar, desarrollo de la actividad a cualquier altura, color a definir según aprobación de la supervisión. Incluye: limpieza de la superficie, demarcación, ranurado, suministro y aplicación de pintura (tres manos o las necesarias para su correcta apariencia y estética) de: mortero de pega, ladrillo a la vista, metro lineal de zócalo y vigas superiores; así mismo inluye todos los materiales, equipos, herramientas, mano de obra y todos los demás elementos necesarios para su correcta aplicación y funcionamiento. | D22: m2 | E22: 493.25939 | G22: =+IFERROR(ROUND(F22*E22,0),0) -> 0
B23: 3,2,4 | C23: Suministro, transporte y aplicación de PINTURA ESMALTE para marcos de puertas, rejas, cortinas enrollables y demás elementos que lo requieran, color a definir en obra. Incluye: suministro, transporte y colocación de materiales, equipos (hasta 3 cuerpos de andamios), herramientas, mano de obra y todos los demás elementos necesarios para su correcta ejecución y funcionamiento. | D23: m2 | E23: 258.31 | G23: =+IFERROR(ROUND(F23*E23,0),0) -> 0
B24: 3,2,5 | C24: Suministro, transporte y aplicación de PINTURA EPÓXICA EN PISOS TIPO INTERGARD 740 de Pintuco o equivalente. Incluye: suministro e instalación de pintura epóxica bicomponente, mínimo 3 capas o las necesarias para garantizar una superficie homogénea y pareja con espesor de 8mils secos, compresor con pistola sin aire, brocha, rodillo, demás equipos, herramientas, mano de obra y todos los demás elementos necesarios para su correcta ejecución y funcionamiento. | D24: m2 | E24: 306.24 | G24: =+IFERROR(ROUND(F24*E24,0),0) -> 0
B25: 3,2,6 | C25: Suministro, transporte e instalación de CONCERTINA EN ACERO INOXIDABLE DE 18", cuchilla extra larga tipo razzor y alma en acero 1070. Incluye: suministro e instalación de la concertina, fijaciones, armada y desarmada de andamios, materiales, herramientas, equipos, mano de obra y todos los demás elementos necesarios para su correcta instalación y funcionamiento. | D25: ml | E25: 126.5 | G25: =+IFERROR(ROUND(F25*E25,0),0) -> 0
B26: 3,2,7 | C26: Suministro, transporte e instalación de POLISOMBRA AL 80% ANTI UV color negro para instalar en plano horizontal o vertical. Incluye: suministro e instalación de malla y fijaciones, herramientas, mano de obra y todos los demás elementos necesarios para su correcta ejecución y funcionamiento. | D26: m2 | E26: 105 | G26: =+IFERROR(ROUND(F26*E26,0),0) -> 0
B27: 3,2,8 | C27: Suministro, transporte e instalación de VÁLVULA ADMISIÓN DE AIRE MINI-VENT 1 1/2 Pulg A 2 Pulg, incluye tubería, accesorios, soldadura, limpiador y todos los accesorios para su correcta instalación. | D27: und | E27: 5 | G27: =+IFERROR(ROUND(F27*E27,0),0) -> 0
B28: 3,2,9 | C28: Suministro, transporte e instalación de VENTANA TIPO GUILLOTINA DE 1,50x1,40m, según diseño. Incluye: suministro e instalación de perfilería en aluminio color natural anodizado sistema 1101, vidrio laminado 3+3mm, tornillería, anclajes, fijaciones, bisagras, rodamientos, empaques, felpas, cerraduras, topres, sello perimetral con silicona antihongos, demás equipos, herramientas, mano de obra y todos los demás elementos necesarios para su correcta instalación y funcionamiento. | D28: und | E28: 1 | G28: =+IFERROR(ROUND(F28*E28,0),0) -> 0
B29: 3.3 | C29: ZONA EXTERIOR | G29: =+SUM(G30:G32) -> 0
B30: 3,3,1 | C30: Construcción de CAMPO DE INFILTRACIÓN DE AGUAS LLUVIAS,. Incluye localización y replanteo, excavación y conformación del terreno, retiro de material inadecuado, suministro e instalación de geotextil no tejido, material granular drenante tipo grava o triturado, capa filtrante en arena o material seleccionado, tubería perforada de drenaje, nivelación, compactación controlada de capas, acabado superficial permeable, transporte interno y externo, disposición de sobrantes, herramientas, equipos, mano de obra y todos los elementos necesarios para su correcta ejecución y funcionamiento, diametro de fozo (50cm). | D30: ml | E30: 3 | G30: =+IFERROR(ROUND(F30*E30,0),0) -> 0
B31: 3,3,2 | C31: Suministro, transporte e instalación de CÁRCAMO EN CONCRETO DE RESISTENCIA MÍNIMA f’c=28 MPa VACIADO EN OBRA, de ancho interno aproximado de 0,40 m, para conducción, protección o canalización superficial. Incluye excavación manual o mecánica, nivelación y conformación de fondo, cama de apoyo en material granular o concreto pobre, sellado de juntas con mortero o material impermeable, INCLUYE INSTALACIÓN DE TAPAS PREFABRICADAS EN CONCRETO, relleno lateral, compactación, retiro de sobrantes, equipos, herramientas, mano de obra, transporte interno y demás actividades necesarias para su correcta ejecución y funcionamiento. | D31: ml | E31: 16 | G31: =+IFERROR(ROUND(F31*E31,0),0) -> 0
B32: 3,3,3 | C32: Construcción de CAJA DE INSPECCIÓN DE 60x60cm EN MAMPOSTERÍA DE BLOQUE DE CONCRETO DE 15x20x40cm, espesor apróx. e=15cm, altura máxima de la caja de 1,00m, según diseño. Incluye: suministro, transporte y colocación del bloque, mortero de pega 1:4 espesor máx. e=1,5cm, revoque impermeabilizado, cañuela esmaltada pendientada, tapa en concreto, herrajes, empalmes y resane con tubería, así como los equipos, herramientas, maeriales, mano de obra y todos los demás elementos necesarios para su correcta construcción y funcionamiento. No incluye excavación. | D32: und | E32: 1 | G32: =+IFERROR(ROUND(F32*E32,0),0) -> 0
B33: 3.4 | C33: MANTENIMIENTOS | G33: =+SUM(G34:G41) -> 0
B34: 3,4,1 | C34: Mantenimiento de CANOAS Y BAJANTES en cualquier tipo de cubierta y a cualquier grado de altura. Incluye: limpieza y ajuste de todos y cada uno de sus elementos que lo componen, mano de obra, materiales, equipos, herramientas y todos los demás elementos necesarios para su correcta limpieza y mantenimiento. | D34: ml | E34: 21.5 | G34: =+IFERROR(ROUND(F34*E34,0),0) -> 0
B35: 3,4,2 | C35: Mantenimiento de CERRAMIENTO EN MALLA ESLABONADA Y/O ONDULADA, con cambio parcial de malla no mayor al 20% y postes. Incluye: suministro e instalación de malla y postes nuevos, reinstalación de puertas, fijaciones, lijado, pintura anticorrosiva (tres manos o las necesarias o hasta obtener una superficie pareja y homogénea), grapas, equipos, herramientas, mano de obra y todos los demás elementos necesarios para su correcto mantenimiento y funcionamiento. No incluye concertina. | D35: m2 | E35: 243.2 | G35: =+IFERROR(ROUND(F35*E35,0),0) -> 0
B36: 3,4,3 | C36: Mantenimiento de PARQUE INFANTIL METÁLICO, de dimensiones y configuraciones variables. Incluye: retiro y limpieza en estructura metálica por medios mecánicos con sandblasting según norma SP3 o similar (equipo sandblasting y sus accesorios, arena o abrasivo para limpieza, lijado); reparación y mantenimiento de estructura metálica (ajuste, lubricación de piezas y bisagras, reparación de soldaduras, resane con masilla en las zonas donde lo requieran); suministro, transporte y aplicación de imprimante epóxico, anticorrosivo de 6mils y pintura poliuretano de primera calidad para estructura metálica, de alta resistencia a la intemperie y a la abrasión (dos manos o las necesarias hasta obtener una superficie pareja y homogénea), color a definir en sitio; así como también incluye todos los equipos, herramientas, materiales, mano de obra y demás elementos necesarios para su correcta ejecución y funcionamiento. | D36: ml | E36: 36 | G36: =+IFERROR(ROUND(F36*E36,0),0) -> 0
B37: 3,4,4 | C37: MANTENIMIENTO DE ANTEPECHO EN MAMPOSTERÍA Y CONCRETO (comedor y alcorques). Incluye raspado, lijado, resane de superficies deterioradas, aplicación de sellador y pintura acrílica para exteriores, mortero de reparación, herramientas, equipos, mano de obra y demás actividades necesarias para su correcta ejecución. | D37: ml | E37: 37.48 | G37: =+IFERROR(ROUND(F37*E37,0),0) -> 0
B38: 3,4,5 | C38: Mantenimiento preventivo de CUBIERTA EN MADERA (kiosko principal), de cualquier tipo, a alturas igual o menor a 4m. Incluye: pulida de la superficie, limpieza, ajuste de tornillería y/o clips, ajuste o cambio de piezas que lo requieran (igual o menor al 20%), suministro y aplicación de barniz a poro abierto para exteriores marca Barnex de Pintuco o similar, mano de obra, transporte de materiales y todo lo necesario para su correcta función. | D38: m2 | E38: 17.64 | G38: =+IFERROR(ROUND(F38*E38,0),0) -> 0
B39: 3,4,6 | C39: Mantenimiento preventivo de ESTRUCTURAS EN MADERA (kiosco principal) de cualquier tipo, rectangular y/o redonda, bajo cualquier grado de altura. Incluye: pulida de la superficie, limpieza, ajuste de tornillería y/o clips, ajuste o cambio de piezas que lo requieran (igual o menor al 20%), suministro y aplicación de barniz a poro abierto para exteriores marca Barnex de Pintuco o similar, mano de obra, transporte de materiales y todo lo necesario para su correcta función. | D39: ml | E39: 12 | G39: =+IFERROR(ROUND(F39*E39,0),0) -> 0
B40: 3,4,7 | C40: Mantenimiento de PISO EN QUIOSCO PRINCIPAL. Incluye: lavado con hidrolavadora, tratamiento de juntas con aditivo epóxico para sello de juntas de diltacion y fisuras existentes e inducidas, mortero de reparación (de ser necesario), suministro y aplicación de pintura de alto tráfico (2 manos o las necesarias hasta garantizar una superficie pareja y homogénea) según colores institucionales (por definir), así como todos los demás items para su correcta ejecución. | D40: m2 | E40: 64.68 | G40: =+IFERROR(ROUND(F40*E40,0),0) -> 0
B41: 3,4,8 | C41: Suministro, transporte e instalación de LÍNEA DE VIDA HORIZONTAL EN CUBIERTAS de cualquier tipo y bajo cualquier grado de altura para el trabajo seguro en alturas. Incluye: suministro e instalación de soportes laterales e intermedios, tensores, cable acerado con alma de acero, guarda cables, casquillos, tuercas, arandelas, certificación, placa de identificación y descripción (marca, capacidad portante), demás acciones necesarias para la plena identificación de la línea de vida según requerimientos normativos (resolución 4272 de 2021 y ley 400), así como todos los equipos, herramientas, mano de obra y todos los demás elementos necesarios para su correcta instalación y funcionamiento. Incluye recertificación al año siguiente de la instalación. | D41: m | E41: 50 | G41: =+IFERROR(ROUND(F41*E41,0),0) -> 0
E42: COSTOS DIRECTOS | G42: =+G33+G19+G12+G29 -> 0

Sheet PPTO GRAL REPOSO
B2: =RESUMEN!C3 -> Reparaciones Locativas en los diferentes Centros de Atención Integral a la primera Infancia (CAII) en el Urabá Antioqueño. | G2: #VALUE!
B9: Columna1 | C9: Columna2 | D9: Columna3 | E9: Columna4 | F9: Columna5 | G9: Columna6
B10: ÍTEM | C10: DESCRIPCIÓN | D10: UNIDAD | E10: CANTIDAD | F10: V. UNITARIO | G10: VALOR TOTAL
B11: 4 | C11: 2240 - CAII REPOSO | G11: =+G12+G19+G38+G42 -> 0
B12: 4.1 | C12: DEMOLICIONES Y RETIROS | G12: =+SUM(G13:G18) -> 0
B13: 4,1,1 | C13: Desmonte y retiro de CONCERTINA EN ACERO INOXIDABLE DE CUALQUIER DIAMETRO en acero, bajo cualquier grado de altura. Incluye: desmonte y retiro de la concertina, fijaciones, armada y desarmada de andamios, cargue, transporte y botada del material sobrante en botaderos certificados, materiales, herramientas, equipos, mano de obra y todos los demás elementos necesarios para su correcta instalación y funcionamiento. | D13: m | E13: 154.7 | G13: =+IFERROR(ROUND(F13*E13,0),0) -> 0
B14: 4,1,2 | C14: Desmonte y retiro de CANOAS, RUANAS, BAJANTES y TUBERÍAS, de cualquier diámetro y dimensión, bajo cualquier grado de altura. Incluye: cargue, transporte y disposición final del material sobrante en botaderos autorizados, recuperación de los materiales aprovechables y su transporte hasta el sitio que lo indique la supervisión de Comfenalco, así como los equipos, herramientas, mano de obra y todos los demás elementos necesarios para su correcta ejecución y desmontaje. | D14: m | E14: 56.7 | G14: =+IFERROR(ROUND(F14*E14,0),0) -> 0
B15: 4,1,3 | C15: Desmonte y retiro de LUMINARIAS, de cualquier tipo a altura igual o menor a 4m. Incluye: cargue, transporte, recuperación de los materiales aprovechables y su transporte hasta el sitio que lo indique la supervisión, demás equipos, herramientas, mano de obra y todos los demás elementos necesarios para su correcta ejecución. | D15: und | E15: 16 | G15: =+IFERROR(ROUND(F15*E15,0),0) -> 0
B16: 4,1,4 | C16: Desmonte y retiro de POLISOMBRA NEGRA, bajo cualquier grado de altura. Incluye: retiro de la malla y su estructura en madera (si es el caso), puertas, del mismo material, dejar superficie limpia, cargue, transporte y disposición final en botaderos certificados, equipos, herramientas, mano de obra y todos los demás elementos necesarios para su correcto desmontaje y retiro. | D16: m2 | E16: 16 | G16: =+IFERROR(ROUND(F16*E16,0),0) -> 0
B17: 4,1,5 | C17: Desmonte y retiro de GRAMA SINTÉTICA, de cualquier tipo. Incluye: cargue, transporte y disposición final del material sobrante en botaderos autorizados, recuperación de los materiales aprovechables y su transporte hasta el sitio que lo indique la supervisión de Comfenalco, así como los equipos, herramientas, mano de obra y todos los demás elementos necesarios para su correcta ejecución. | D17: m2 | E17: 147.2 | G17: =+IFERROR(ROUND(F17*E17,0),0) -> 0
B18: 4,1,6 | C18: Desmonte y retiro de APARATOS SANITARIOS (lavamanos, sanitarios, orinales, cambiador de pañales a pared) de cualquier material y dimensión. Incluye: retiro, cargue, transporte y disposición final en botaderos autorizados, materiales, equipos, herramientas, mano de obra y todos los demás elementos necesarios para su correcta ejecución. | D18: und | E18: 2 | G18: =+IFERROR(ROUND(F18*E18,0),0) -> 0
B19: 4.2 | C19: ACABADOS | G19: =+SUM(G20:G37) -> 0
B20: 4,2,1 | C20: Suministro, transporte y aplicación de PINTURA A BASE DE AGUA EN MUROS Y CIELOS, PINTURA PARA INTERIOR VINILO TIPO I (colores por definir) de primera calidad, sobre muros revocados y/o estucados, tres manos o las necesarias hasta obtener una superficie pareja y homogénea. Incluye: suministro, transporte y colocación de materiales, equipos y herramientas, mano de obra, resanes, tapa poros en estuco plástico tipo plastestuco o equivalente, adecuación de la superficie a intervenir hasta obtener una superficie pareja y homogénea y todos los demás elementos necesarios para su correcta ejecución y funcionamiento. | D20: m2 | E20: 298.2175 | G20: =+IFERROR(ROUND(F20*E20,0),0) -> 0
B21: 4,2,2 | C21: Suministro, transporte y aplicación de PINTURA A BASE DE AGUA EN MUROS Y CIELOS, PINTURA ACRÍLICA PARA INTERIOR ALTA ASEPSIA (colores por definir) de primera calidad, sobre muros revocados y/o estucados, tres manos o las necesarias hasta obtener una superficie pareja y homogénea. Incluye: suministro, transporte y colocación de materiales, equipos y herramientas, mano de obra, resanes, tapa poros en estuco plástico tipo plastestuco o equivalente, adecuación de la superficie a intervenir hasta obtener una superficie pareja y homogénea y todos los demás elementos necesarios para su correcta ejecución y funcionamiento. | D21: m2 | E21: 418.115 | G21: =+IFERROR(ROUND(F21*E21,0),0) -> 0
B22: 4,2,3 | C22: Suministro, transporte y aplicación de PINTURA EPÓXICA A BASE DE AGUA EN MUROS Y CIELOS (colores por definir) de primera calidad cumpliendo con normas de higiene en zonas donde requieran alto grado de asepsia, buena resistencia química y/o estén expuestos a alta humedad, tres manos o las necesarias hasta obtener una superficie pareja y homogénea. Incluye: suministro, transporte y colocación de la pintura y demás materiales, equipos y herramientas, mano de obra, resanes, tapa poros en estuco plástico, adecuación de la superficie a intervenir hasta obtener una superficie pareja y homogénea y todos los demás elementos necesarios para su correcta ejecución y funcionamiento. | D22: m2 | E22: 164.775 | G22: =+IFERROR(ROUND(F22*E22,0),0) -> 0
B23: 4,2,4 | C23: Suministro, transporte y aplicación de PINTURA PARA EXTERIORES TIPO KORAZA o similar, desarrollo de la actividad a cualquier altura, color a definir según aprobación de la supervisión. Incluye: limpieza de la superficie, suministro y aplicación de la pintura (tres manos o las necesarias para su correcta apariencia y estética), materiales, equipos, herramientas, mano de obra y todos los demás elementos necesarios para su correcta aplicación y funcionamiento. | D23: m2 | E23: 233.23 | G23: =+IFERROR(ROUND(F23*E23,0),0) -> 0
B24: 4,2,5 | C24: Suministro, transporte y aplicación de PINTURA PARA EXTERIORES SOBRE MUROS EN LADRILLO A LA VISTA TIPO KORAZA o similar, desarrollo de la actividad a cualquier altura, color a definir según aprobación de la supervisión. Incluye: limpieza de la superficie, demarcación, ranurado, suministro y aplicación de pintura (tres manos o las necesarias para su correcta apariencia y estética) de: mortero de pega, ladrillo a la vista, metro lineal de zócalo y vigas superiores; así mismo inluye todos los materiales, equipos, herramientas, mano de obra y todos los demás elementos necesarios para su correcta aplicación y funcionamiento. | D24: m2 | E24: 281.74 | G24: =+IFERROR(ROUND(F24*E24,0),0) -> 0
B25: 4,2,6 | C25: Suministro, transporte y aplicación de TRATAMIENTO PARA HUMEDAD ASCENDENTE EN MUROS PERIMETRALES. Incluye: demolición de pañete y acabados deteriorados, limpieza mecánica de sales y hongos, aplicación de impermeabilizante cementicio flexible bicomponente tipo SikaTop-107 Seal CO o equivalente, aplicado en mínimo dos capas cruzadas, reposición de pañete impermeable con aditivo hidrófugo, resane, afinado, cargue, transporte y disposición final de escombros, así mismo incluye equipos, herramientas, mano de obra, andamios y todos los demás elementos necesarios para su correcta ejecución. | D25: m2 | E25: 34.29 | G25: =+IFERROR(ROUND(F25*E25,0),0) -> 0
B26: 4,2,7 | C26: Suministro, transporte e instalación de CIELO FALSO EN PVC, altura máx. h=4m. Incluye: suministro e instalación de la estructura de soporte, cielo en PVC, accesorios y perfiles de remate, equipos, herramientas, mano de obra, así como todos los demás elementos necesarios para su correcta instalación y funcionamiento. | D26: m2 | E26: 4.32 | G26: =+IFERROR(ROUND(F26*E26,0),0) -> 0
B27: 4,2,8 | C27: Suministro, Transporte e Instalación de MEDIACAÑA EN PVC PARA CIELO FALSO. Incluye perfil en PVC plástico de 6 cm, masilla, equipos, herramientas, mano de obra, así como todos los demás elementos necesarios para su correcta instalación y funcionamiento. | D27: m | E27: 8.4 | G27: =+IFERROR(ROUND(F27*E27,0),0) -> 0
B28: 4,2,9 | C28: Suministro, transporte e instalación de CONCERTINA EN ACERO INOXIDABLE DE 18", cuchilla extra larga tipo razzor y alma en acero 1070. Incluye: suministro e instalación de la concertina, fijaciones, armada y desarmada de andamios, materiales, herramientas, equipos, mano de obra y todos los demás elementos necesarios para su correcta instalación y funcionamiento. | D28: m | E28: 154.7 | G28: =+IFERROR(ROUND(F28*E28,0),0) -> 0
B29: 4,2,10 | C29: Construcción de ANDÉN O LOSETA EN CONCRETO ESCOBILLADO f'c 21MPa, de espesor e=10cm. Incluye: suministro, transporte y colocación del concreto f'c 21MPa, de la malla electrosoldada D-84; construcción de juntas para andenes de 5x5mm con cortadora de disco, soporte fondo de junta, acabado escobillado y llaneado 0,10m en los bordes, demás equipos, herramientas, mano de obra y todos los demás elementos necesarios para su correcta ejecución y funcionamiento. | D29: m2 | E29: 157.5 | G29: =+IFERROR(ROUND(F29*E29,0),0) -> 0
B30: 4,2,11 | C30: Suministro, transporte y colocación de CANOA EN U, EN LÁMINA GALVANIZADA CALIBRE 22, desarrollo de 1m, bajo cualquier grado de altura. Incluye: embudos en el mismo material de la canoa, soldadura de estaño, soportes, tornillos autoperforantes, anticorrosivo epóxico por ambas caras, suministro y aplicación de pintura tipo Pintulux o similar (dos manos o las necesarias hasta garantizar una superficie pareja y homógenea), mano de obra, materiales, equipos, herramientas y todos los demás elementos necesarios para su correcta instalación y mantenimiento. | D30: m | E30: 56.7 | G30: =+IFERROR(ROUND(F30*E30,0),0) -> 0
B31: 4,2,12 | C31: Suministro, transporte e instalación de SISTEMA DE GUAYAS Y TENSORES como soporte para cubiertas en polisombra o similar. Incluye: suministro e instalación de las guayas, tensores, anclajes, herramientas, equipos, mano de obra y todos los demás elementos necesarios para su correcta ejecución y funcionamiento. | D31: m | E31: 84.59 | G31: =+IFERROR(ROUND(F31*E31,0),0) -> 0
... B37: 4,2,18 | C37: Suministro, transporte e instalación de LLAVE MANGUERA PESADA METAL CROMADA DE 1/2". Incluye: suministro e instalación de la llave boca manguera, adaptador, teflón, fijaciones, demás equipos, herramientas, mano de obra y todos los demás elementos necesarios para su correcta instalación y funcionamiento. No incluye tubería ni salidas hidráulicas. | D37: und | E37: 1 | G37: =+IFERROR(ROUND(F37*E37,0),0) -> 0
B38: 4.3 | C38: INSTALACIONES ELÉCTRICAS, ILUMINACIÓN Y TELECOMUNICACIONES | G38: =+SUM(G39:G41) -> 0
B39: 4,3,1 | C39: Suministro, transporte e instalación de LUMINARIA PANEL LED RECTANGULAR 30x120cm, luz fría de 40w 100-227v. Incluye: suministro e instalación de la luminaria, elementos de fijación, empalme, equipos, herramientas, mano de obra y todos los demás elementos necesarios para su correcta instalación y funcionamiento. | D39: und | E39: 8 | G39: =+IFERROR(ROUND(F39*E39,0),0) -> 0
B40: 4,3,2 | C40: Suministro, transporte e instalación de LUMINARIA PANEL LED CUADRADO 60x60cm, luz fría de 40w 100-227v. Incluye: suministro e instalación de la luminaria, elementos de fijación, empalme, equipos, herramientas, mano de obra y todos los demás elementos necesarios para su correcta instalación y funcionamiento. | D40: und | E40: 6 | G40: =+IFERROR(ROUND(F40*E40,0),0) -> 0
B41: 4,3,3 | C41: Suministro, transporte e instalación de LUMINARIA LED HERMÉTICA DE SOBREPONER, luz blanca de 40w 100-227v. Incluye: suministro e instalación de luminaria, elementos de fijación, empalme, herramientas, mano de obra y todos los demás accesorios necesarios para su correcta instalación y funcionamiento. | D41: und | E41: 2 | G41: =+IFERROR(ROUND(F41*E41,0),0) -> 0
B42: 4.4 | C42: MANTENIMIENTOS | G42: =+SUM(G43:G51) -> 0
B43: 4,4,1 | C43: Mantenimiento preventivo de PUERTAS Y/O REJAS METÁLICAS de cualquier calibre y dimensión. Incluye: ajuste de tornillería, revisión y lubricación de bisagras, suministro, transporte y aplicación de pintura 3 en 1 tipo pintulux o similar, demás equipos, herramientas, mano de obra y todos los demás elementos necesarios para su correcta ejecución. | D43: m2 | E43: 83.28 | G43: =+IFERROR(ROUND(F43*E43,0),0) -> 0
B44: 4,4,2 | C44: Mantenimiento correctivo de CUBIERTAS LIVIANAS (teja metálica, teja policarbonato, cubierta liviana o similares), bajo cualquier grado de altura y pendiente. Incluye: limpieza y reacomodación de las tejas existentes, ajuste de las amarraderas y acopio de residuos en sitios autorizados, resane de fisuras leves en teja igual o inferior al 10% del área total de la teja con cinta bituminosa sika multiseal 10 1,22mm o similar, mano de obra, transporte de materiales, equipos, herramientas y todos los demás elementos necesarios para su correcto mantenimiento. | D44: m2 | E44: 685.2045 | G44: =+IFERROR(ROUND(F44*E44,0),0) -> 0
B45: 4,4,3 | C45: Mantenimiento preventivo de ESTRUCTURAS EN MADERA de cualquier tipo, rectangular y/o redonda, bajo cualquier grado de altura. Incluye: pulida de la superficie, limpieza, ajuste de tornillería y/o clips, ajuste o cambio de piezas que lo requieran (igual o menor al 20%), suministro y aplicación de barniz a poro abierto para exteriores marca Barnex de Pintuco o similar, mano de obra, transporte de materiales y todo lo necesario para su correcta función. | D45: m | E45: 285.84 | G45: =+IFERROR(ROUND(F45*E45,0),0) -> 0
B46: 4,4,4 | C46: Mantenimiento de CERRAMIENTO EN MALLA ESLABONADA Y/O ONDULADA, con cambio parcial de malla no mayor al 20% y postes. Incluye: suministro e instalación de malla y postes nuevos, reinstalación de puertas, fijaciones, lijado, pintura anticorrosiva (tres manos o las necesarias o hasta obtener una superficie pareja y homogénea), grapas, equipos, herramientas, mano de obra y todos los demás elementos necesarios para su correcto mantenimiento y funcionamiento. No incluye concertina. | D46: m2 | E46: 337.15 | G46: =+IFERROR(ROUND(F46*E46,0),0) -> 0
B47: 4,4,5 | C47: Mantenimiento preventivo de CÁRCAMOS EN CONCRETO, de cualquier dimensión y material. Incluye: limpieza, remoción y retiro del material a remover, lavado con hidrolavadora industrial o similar y jabón industrial, ajuste de las tapas, rejillas, soldadura, herrajes y de cualquier otro elemento que compone el cárcamo, equipos, herramientas, mano de obra y todos los demás elementos necesarios para su correcta ejecución. | D47: m | E47: 112.7 | G47: =+IFERROR(ROUND(F47*E47,0),0) -> 0
B48: 4,4,6 | C48: Mantenimiento preventivo de PUERTAS Y/O VENTANAS EN MADERA de cualquier calibre y dimensión. Incluye: andamios, ajuste de tornillería, revisión y lubricación de bisagras, suministro, transporte y aplicación de pintura 3 en 1 tipo pintulux para maderas o similar, demás equipos, herramientas, mano de obra y todos los demás elementos necesarios para su correcta ejecución. | D48: m2 | E48: 8 | G48: =+IFERROR(ROUND(F48*E48,0),0) -> 0
B49: 4,4,7 | C49: Mantenimiento preventivo de CANOAS Y BAJANTES en cualquier tipo de cubierta y a cualquier grado de altura. Incluye: limpieza y ajuste de todos y cada uno de sus elementos que lo componen, mano de obra, materiales, equipos, herramientas y todos los demás elementos necesarios para su correcta limpieza y mantenimiento. | D49: m | E49: 30 | G49: =+IFERROR(ROUND(F49*E49,0),0) -> 0
B50: 4,4,8 | C50: Mantenimiento preventivo de VENTANAS DE ALUMINIO CON REJAS METÁLICAS de cualquier calibre y dimensión. Incluye: andamios, ajuste de tornillería, revisión y lubricación de bisagras y demás elementos de la ventana en aluminio, suministro, transporte y aplicación de pintura 3 en 1 tipo pintulux o similar en reja metálica, demás equipos, herramientas, mano de obra y todos los demás elementos necesarios para su correcta ejecución. | D50: m2 | E50: 72 | G50: =+IFERROR(ROUND(F50*E50,0),0) -> 0
B51: 4,4,9 | C51: Suministro, transporte e instalación de LÍNEA DE VIDA HORIZONTAL EN CUBIERTAS de cualquier tipo y bajo cualquier grado de altura para el trabajo seguro en alturas. Incluye: suministro e instalación de soportes laterales e intermedios, tensores, cable acerado con alma de acero, guarda cables, casquillos, tuercas, arandelas, certificación, placa de identificación y descripción (marca, capacidad portante), demás acciones necesarias para la plena identificación de la línea de vida según requerimientos normativos (resolución 4272 de 2021 y ley 400), así como todos los equipos, herramientas, mano de obra y todos los demás elementos necesarios para su correcta instalación y funcionamiento. Incluye recertificación al año siguiente de la instalación. | D51: m | E51: 55 | G51: =+IFERROR(ROUND(F51*E51,0),0) -> 0
E52: COSTOS DIRECTOS | G52: =+G11 -> 0

Sheet PPTO GRAL MARIA E CROVO
B2: =RESUMEN!C3 -> Reparaciones Locativas en los diferentes Centros de Atención Integral a la primera Infancia (CAII) en el Urabá Antioqueño. | G2: #VALUE!
B9: Columna1 | C9: Columna2 | D9: Columna3 | E9: Columna4 | F9: Columna5 | G9: Columna6
B10: ÍTEM | C10: DESCRIPCIÓN | D10: UNIDAD | E10: CANTIDAD | F10: V. UNITARIO | G10: VALOR TOTAL
B11: 5 | C11: 6090 - CAII MARIA ELENA DE CROVO | G11: =+G12+G24+G33+G60+G63+G69 -> 0
B12: 5.1 | C12: DEMOLICIONES Y RETIROS | G12: =+SUM(G13:G23) -> 0
B13: 5,1,1 | C13: DESMONTE Y RETIRO DE ALAMBRE DE PÚAS en acero, de cualquier calibre y bajo cualquier grado de altura. Incluye: desmonte y retiro del alambre, fijaciones, armada y desarmada de andamios, cargue, transporte y botada del material sobrante en botaderos certificados, así como recuperación del material aprovechable, herramientas, equipos, mano de obra y todos los demás elementos necesarios para su correcta ejecución. | D13: m | E13: 567 | G13: =+IFERROR(ROUND(F13*E13,0),0) -> 0
B14: 5,1,2 | C14: DESMONTE Y RETIRO DE CERRAMIENTO EN MALLA ESLABONADA (acceso para contenedores). Incluye: corte, cargue, transporte y disposición final en botadero certificado de malla y su estructura, así como todos los demás materiales sobrantes; tambien incluye los equipos, herramientas, mano de obra y todos los demás elementos necesarios para su correcta ejecución. | D14: m2 | E14: 8 | G14: =+IFERROR(ROUND(F14*E14,0),0) -> 0
B15: 5,1,3 | C15: DEMOLICIÓN DE MUROS EN MAMPOSTERÍA (bloque de arcilla y/o concreto) entre espesores de e=10cm y 20cm. Incluye: demolición de acabados, enchapes y zócalos, corte y retiro de varillas de refuerzo, demolición de dovélas, vigas de amarre, columnetas, todos los lineales, cortes pulidos con disco en zonas donde se debe demoler, protección contra el polvo, transporte, acopio en lugar autorizado por supervisión y/o cliente y disposicion final en botaderos certificados, herramientas, mano de obra y todos los demás elementos necesarios para su correcta demolición. | D15: m2 | E15: 17.36 | G15: =+IFERROR(ROUND(F15*E15,0),0) -> 0
B16: 5,1,4 | C16: DESMONTE Y RETIRO DE CUBIERTA TIPO SHINGLE EN QUIOSCO. Incluye: desmonte y retiro de la cubierta y estructura de soporte en madera (columnas, viguetas cargueras, machimbre, entre otros), cargue, transporte y disposición final en botadero certificado; así mismo incluye los equipos, herramientas, mano de obra y todos los demás elementos ne cesarios para su correcta ejecución. | D16: m2 | E16: 30.68 | G16: =+IFERROR(ROUND(F16*E16,0),0) -> 0
B17: 5,1,5 | C17: DESMONTE Y RETIRO DE ENCHAPES SOBRE PISOS (baldosín, cerámica, porcelanato, piedra natural). Incluye: retiro, cargue, transporte y disposición final en botaderos certificados, retiro de pegas, morteros, biseles en madera y/o cerámica, dejar la superficie lisa y limpia, así mismo incluye los equipos, herramientas, mano de obra y todos los demás elementos necesarios para su correcta ejecución. | D17: m2 | E17: 30.68 | G17: =+IFERROR(ROUND(F17*E17,0),0) -> 0
B18: 5,1,6 | C18: DESMONTE Y RETIRO DE SALIDA HIDRÁULICA EN PVC/CPVC PARA DIÁMETROS ENTRE Ø 1/2" y Ø 1". Incluye: retiro, cargue, transporte y disposición final en botaderos certificados de la tubería medida desde la salida hasta 2m, accesorios, fijaciones, suministro e instalación de tapón para sello de salida, demás equipos, herramientas, mano de obra y todos los demás elementos necesarios para su correcta ejecución. | D18: und | E18: 15 | G18: =+IFERROR(ROUND(F18*E18,0),0) -> 0
B19: 5,1,7 | C19: DESMONTE Y RETIRO DE SALIDA SANITARIA PVC DE Ø 2". Incluye: Incluye: retiro, cargue, transporte y disposición final en botaderos certificados de la tubería de Ø 2" medida desde la boca de salida hasta 2m, accesorios, fijaciones, suministro e instalación de tapón para sello de salida, equipos, herramientas, mano de obra y todos los demás elementos necesarios para su correcta ejecución. | D19: und | E19: 6 | G19: =+IFERROR(ROUND(F19*E19,0),0) -> 0
B20: 5,1,8 | C20: DESMONTE Y RETIRO DE SALIDA SANITARIA PVC DE Ø 4". Incluye: desmonte y retiro de accesorios, tapón para sello de salida, cubre hasta 2m de tubería de 4" medidos desde la boca de salida, equipos, herramientas, mano de obra y todos los demás elementos necesarios para su correcta ejecución. | D20: und | E20: 9 | G20: =+IFERROR(ROUND(F20*E20,0),0) -> 0
B21: 5,1,9 | C21: DESMONTE Y RETIRO DE APARATOS SANITARIOS (lavamanos, sanitarios, orinales, cambiador de pañales a pared) de cualquier material y dimensión. Incluye: retiro, cargue, transporte y disposición final en botaderos autorizados, materiales, equipos, herramientas, mano de obra y todos los demás elementos necesarios para su correcta ejecución. | D21: und | E21: 11 | G21: =+IFERROR(ROUND(F21*E21,0),0) -> 0
B22: 5,1,10 | C22: DESMONTE DE DIVISIONES Y/O PUERTAS EN ACERO INOXIDABLE, de cualquier dimensión y calibre. Incluye: desmonte de divisiones y/o puertas en acero inoxidable para baños, cocinas, repisas colgantes, tabiques, herrajes, cerraduras, topes, entre otros; retiro y transporte interno en óptimas condiciones para ser entregado al sitio donde lo indique la supervisión, también incluye todos los equipos, herramientas, mano de obra y demás elementos necesarios para su correcta ejecución. | D22: m2 | E22: 45.36 | G22: =+IFERROR(ROUND(F22*E22,0),0) -> 0
B23: 5,1,11 | C23: DEMOLICIÓN Y RETIRO DE LAVAMANOS CORRIDO EN GRANITO de altura y espesor variable. Incluye: demolición, cargue, transporte y botada en botadero certificado del mesón en granito, sapicadero, faldón y demás sobrantes, así como incluye los equipos, herramientas, mano de obra y todos los demás elementos necesarios para su correcta ejecución. | D23: m | E23: 2 | G23: =+IFERROR(ROUND(F23*E23,0),0) -> 0
B24: 5.2 | C24: ACABADOS | G24: =+SUM(G25:G32) -> 0
B25: 5,2,1 | C25: Suministro, transporte y aplicación de PINTURA A BASE DE AGUA EN MUROS Y CIELOS, PINTURA PARA INTERIOR VINILO TIPO I (colores por definir) de primera calidad, sobre muros revocados y/o estucados, tres manos o las necesarias hasta obtener una superficie pareja y homogénea. Incluye: suministro, transporte y colocación de materiales, equipos y herramientas, mano de obra, resanes, tapa poros en estuco plástico tipo plastestuco o equivalente, adecuación de la superficie a intervenir hasta obtener una superficie pareja y homogénea y todos los demás elementos necesarios para su correcta ejecución y funcionamiento. | D25: m2 | E25: 147.6875 | G25: =+IFERROR(ROUND(F25*E25,0),0) -> 0
B26: 5,2,2 | C26: Suministro, transporte y aplicación de PINTURA A BASE DE AGUA EN MUROS Y CIELOS, PINTURA ACRÍLICA PARA INTERIOR ALTA ASEPSIA (colores por definir) de primera calidad, sobre muros revocados y/o estucados, tres manos o las necesarias hasta obtener una superficie pareja y homogénea. Incluye: suministro, transporte y colocación de materiales, equipos y herramientas, mano de obra, resanes, tapa poros en estuco plástico tipo plastestuco o equivalente, adecuación de la superficie a intervenir hasta obtener una superficie pareja y homogénea y todos los demás elementos necesarios para su correcta ejecución y funcionamiento. | D26: m2 | E26: 585.575 | G26: =+IFERROR(ROUND(F26*E26,0),0) -> 0
B27: 5,2,3 | C27: Suministro, transporte y aplicación de PINTURA EPÓXICA A BASE DE AGUA EN MUROS Y CIELOS (colores por definir) de primera calidad cumpliendo con normas de higiene en zonas donde requieran alto grado de asepsia, buena resistencia química y/o estén expuestos a alta humedad, tres manos o las necesarias hasta obtener una superficie pareja y homogénea. Incluye: suministro, transporte y colocación de la pintura y demás materiales, equipos y herramientas, mano de obra, resanes, tapa poros en estuco plástico, adecuación de la superficie a intervenir hasta obtener una superficie pareja y homogénea y todos los demás elementos necesarios para su correcta ejecución y funcionamiento. | D27: m2 | E27: 81.09 | G27: =+IFERROR(ROUND(F27*E27,0),0) -> 0
B28: 5,2,4 | C28: Suministro, transporte y aplicación de PINTURA PARA EXTERIORES TIPO KORAZA o similar, desarrollo de la actividad a cualquier altura, color a definir según aprobación de la supervisión. Incluye: limpieza de la superficie, resanes, tapa poros en estuco plástico tipo plastestuco o equivalente, suministro y aplicación de la pintura (tres manos o las necesarias para su correcta apariencia y estética), materiales, equipos, herramientas, mano de obra y todos los demás elementos necesarios para su correcta aplicación y funcionamiento. | D28: m2 | E28: 652.8525 | G28: =+IFERROR(ROUND(F28*E28,0),0) -> 0
B29: 5,2,5 | C29: Suministro, transporte e instalación de CONCERTINA EN ACERO INOXIDABLE DE 18", cuchilla extra larga tipo razzor y alma en acero 1070. Incluye: suministro e instalación de la concertina, fijaciones, armada y desarmada de andamios, materiales, herramientas, equipos, mano de obra y todos los demás elementos necesarios para su correcta instalación y funcionamiento. | D29: m | E29: 189 | G29: =+IFERROR(ROUND(F29*E29,0),0) -> 0
B30: 5,2,6 | C30: Suministro, transporte e instalación de POLISOMBRA AL 80% ANTI UV color negro para instalar en plano horizontal o vertical. Incluye: suministro e instalación de malla y fijaciones, herramientas, mano de obra y todos los demás elementos necesarios para su correcta ejecución y funcionamiento. | D30: m2 | E30: 289.56 | G30: =+IFERROR(ROUND(F30*E30,0),0) -> 0
B31: 5,2,7 | C31: Suministro, transporte e instalación de SISTEMA DE GUAYAS Y TENSORES como soporte para cubiertas en polisombra o similar. Incluye: suministro e instalación de las guayas, tensores, anclajes, herramientas, equipos, mano de obra y todos los demás elementos necesarios para su correcta ejecución y funcionamiento. | D31: m | E31: 82.2 | G31: =+IFERROR(ROUND(F31*E31,0),0) -> 0
B32: 5,2,8 | C32: Suministro, transporte e instalación de ELEMENTOS ESTRUCTURALES EN MADERA tipo madera rolliza 6". Incluye: suministro e instalación de la rolliza de 6", excavación y empotramiento de la rolliza, suministro y aplicación de barniz a poro abierto para exteriores marca Barnex de Pintuco o similar, fijaciones, accesorios, demás equipos, herramientas, mano de obra y todos los demás elementos necesarios para la correcta instalación y funcionamiento. | D32: m | E32: 48 | G32: =+IFERROR(ROUND(F32*E32,0),0) -> 0
B33: 5.3 | C33: INTERVENCIÓN BATERÍAS SANITARIAS CONTENEDORES | G33: =+SUM(G34:G59) -> 0
B34: 5,3,1 | C34: CONSTRUCCIÓN DE DADOS DE CIMENTACIÓN PARA CONTENEDORES (25x25x50cm) INCLUYEN PEDESTAL DE (25x25x40cm) DESDE RASANTE DE TERRENO, en concreto clase D (28MPa), profundidad 60cm, incluye excavacion, suministro y figurado de acero de refuerzo Fy=420MPa (grado 60) | D34: und | E34: 10 | G34: =+IFERROR(ROUND(F34*E34,0),0) -> 0
B35: 5,3,2 | C35: Construcción de MURO EN BLOQUE DE CONCRETO, DE 15x20x40cm. ESPESOR DE 20 cm. (perimetro contenedores) Incluye el suministro y transporte del bloque, el mortero de pega 1:4 espesor max=0.01 m, instalación de dovélas de refuerzo en acero N°4 con conreto tipo grouting dde 17,5 MPa y todos los demás elementos necesarios para su correcta construcción y funcionamiento. | D35: m2 | E35: 11.85 | G35: =+IFERROR(ROUND(F35*E35,0),0) -> 0
B36: 5,3,3 | C36: SUMINISTRO Y APLICACIÓN DE IMPERMEABILIZANTE CEMENTICIO FLEXIBLE bicomponente tipo SikaTop-107 Seal CO o equivalente, aplicado en mínimo dos capas cruzadas, reposición de pañete impermeable con aditivo hidrófugo, resane, afinado, cargue, transporte y disposición final de escombros, (acabado en muro de sobrecimiento de contenedores) | D36: m2 | E36: 11.85 | G36: =+IFERROR(ROUND(F36*E36,0),0) -> 0
B37: 5,3,4 | C37: LLENO Y COMPACTACIÓN DE SUBBASE GRANULAR PARA CONFORMACIÓN DE LLENO ESTRUCTURAL (subestructura contenedores), incluye suministro y colocación de base granular de máximo Ø 1½", compactado con medios mecánicos al 95% mínimo del ensayo del proctor modificado, según normas para la construcción de pavimentos del INVIAS, y todo lo necesario para su correcta construcción y funcionamiento. Su medida será tomada en sitio ya compactado. (incluye transporte) | D37: m3 | E37: 3.744 | G37: =+IFERROR(ROUND(F37*E37,0),0) -> 0
B38: 5,3,5 | C38: CONSTRUCCIÓN DE LOSA DE CONTRAPISO en concreto de 21 Mpa. con un espesor de 0.10m. Incluye suministro, transporte e instalación del concreto, mano de obra, vibrado, protección, desarrollo de juntas (Según diseño) y curado, para estructuras de acuerdo con las diferentes dimensiones establecidas en los planos y diseños. No incluye refuerzo. | D38: m2 | E38: 11.52 | G38: =+IFERROR(ROUND(F38*E38,0),0) -> 0
B39: 5,3,6 | C39: Suministro, transporte y colocación de MALLA ELECTROSOLDADA, 15x15cm Diámetro 4.0mm (D-84) | D39: m2 | E39: 11.52 | G39: =+IFERROR(ROUND(F39*E39,0),0) -> 0
B40: 5,3,7 | C40: SUMINISTRO, TRANSPORTE E INSTALACIÓN DE PASAMANOS, (Altura 1,10m desde contrahuella), pasamanos en tubería acero inoxidable 2", bastidores en platina de acero 2" calibre 3mm, tubos verticales intermediarios de 3/4" cada 10cm, parales en tubería 40mm x 60mm calibre 2mm, pintura 3 en 1 negra mate. Anclajes bastidores a parales en platina de 2", calibre 3mm (el alma es una platina vertical como se conforma una viga en I. Pintura 3 en 1 negra | D40: ml | E40: 7.8 | G40: =+IFERROR(ROUND(F40*E40,0),0) -> 0
B41: 5,3,8 | C41: Suministro, transporte, fabricación e instalación de PERFILES PARA ÁREA DE SOMBRA (PERGOLA CUBIERTA) en PTS 100x100x3mm, y viguetas de 90x50x2mm incluye soldadura de electrodo revestido E7018, incluye conexiones, pintura anticorrosiva, acabado final, pernos de anclaje, platinas según diseño y todo lo necesario para su correcta instalación. | D41: kg | E41: 545.80966 | G41: =+IFERROR(ROUND(F41*E41,0),0) -> 0
B42: 5,3,9 | C42: SUMINISTRO, TRANSPORTE E INSTALACIÓN DE TEJA TERMOACUSTICA 11.8 X 1.07m 2mm Cresta Alta Upvc color a definir, incluye andamios, amarras y fijaciones y demás accesorios necesarios para la instalación. | D42: m2 | E42: 11.52 | G42: =+IFERROR(ROUND(F42*E42,0),0) -> 0
B43: 5,3,10 | C43: Suministro, transporte, instalación y montaje de REVESTIMIENTO DE FACHADA EN LÁMINA METÁLICA PUNZONADA CALIBRE 20, referencia Geometric Brisa de icomallas o equivalente, de 90cm de alto, color a definir, a altura no mayores a 6m. Incluye: suministro e instalación de la lámina, elementos de fijación, doblez en esquinas, suministro y aplicación de pintura electrostática (2 manos o las necesarias hasta obtener una superficie pareja y homogénea), angulares, demás equipos, herramientas, mano de obra y todos los demás elementos necesarios para su correcta instalación y funcionamiento según diseño. | D43: ml | E43: 10.4 | G43: =+IFERROR(ROUND(F43*E43,0),0) -> 0
B44: 5,3,11 | C44: SUMINISTRO, TRANSPORTE E INSTALACIÓN DE CONTENEDOR MARÍTIMO DE 20ft (pies) USADO NACIONALIZADO ADAPTADO PARA BAÑOS DE NIÑAS. Incluye el suminitro, transporte e instalación de: - recubrimiento interior del contenedor con anticorrosivo y pintura epóxica - piso porcelanato rectificado referencia nuevo boss gris claro 60x60cm tipo corona o similar - zócalo de 10cm en porcelanato rectificado referencia nuevo boss gris claro 60x60cm tipo corona o similar - cielo en placa PVC con aislante térmico - 6 sanitarios infantiles kiddy color blanco de dos piezas (incluye grifería y todos los demás accesorios necesarios para su correcta insalación) - paneles divisorios moviles en acero inoxidable 304 calibre 20 con cuerpo fijo frontal de 20cm y puerta de 70cm. Incluye cerradura y demás accesorios en acero inoxidable - 1 vano para puerta peatonal de 1,20x2,05m - 4 ventanas de 0,50x1,60m en aluminio gris, cuerpo inferior fijo, cuerpo superior proyectante, vidrio claro - 1 ventana de 1,80x0,50m en aluminio gris, corrediza, vidrio claro - 1 banca de 0,95x0,50m en estructura en acero de tubería cuadrada 1 1/2"x1 1/2", pintura electrostática gris y asiento en madera natural - recubrimiento exterior del contenedor con anticorrosivo y pintura esmalte para exterior - red eléctrica con cable encauchetado 3x12AWG-ST-C cobre blando, en tubería EMT 3/4" para iluminación (todas las canalizaciones eléctricas deberán ir por tubería EMT diametro según corresponda) - 2 suiche doble para iluminación - 10 salidas en caja 12x12x5cm sobrepuesto en techo para iluminación - 6 paneles led 12w luz neutra - 3 luminarias hermeticas VCP de 1,20x0,15m 35w - 1 luminaria de emergencia led interior de sobreponer en pared 2w 2x75 3lm Así mismo incluye todos los equipos, herramientas, mano de obra y todos los demás elementos necesarios para su correcta ejecución según diseño. | D44: und | E44: 1 | G44: =+IFERROR(ROUND(F44*E44,0),0) -> 0
B45: 5,3,12 | C45: SUMINISTRO, TRANSPORTE E INSTALACIÓN DE CONTENEDOR MARÍTIMO DE 20ft (pies) USADO NACIONALIZADO ADAPTADO PARA BAÑOS DE NIÑOS. Incluye el suminitro, transporte e instalación de: - recubrimiento interior del contenedor con anticorrosivo y pintura epóxica - piso porcelanato rectificado referencia nuevo boss gris claro 60x60cm tipo corona o similar - zócalo de 10cm en porcelanato rectificado referencia nuevo boss gris claro 60x60cm tipo corona o similar - cielo en placa PVC con aislante térmico - 4 sanitarios infantiles kiddy color blanco de dos piezas (incluye grifería y todos los demás accesorios necesarios para su correcta insalación) - 3 kit orinal Petite con válvula tipo push expuesta en muro (incluye grifería tipo push y todos los demás accesorios necesarios para su correcta insalación) - paneles divisorios moviles en acero inoxidable 304 calibre 20 con cuerpo fijo frontal de 20cm y puerta de 70cm. Incluye cerradura y demás accesorios en acero inoxidable - 1 vano para puerta peatonal de 1,20x2,05m - 1 ventana de 0,50x1,60m en aluminio gris, cuerpo inferior fijo, cuerpo superior proyectante, vidrio claro - 6 ventanas de 0,50x0,50m en aluminio gris proyectante, vidrio claro - 1 banca de 0,95x0,50m en estructura en acero de tubería cuadrada 1 1/2"x1 1/2", pintura electrostática gris y asiento en madera natural - recubrimiento exterior del contenedor con anticorrosivo y pintura esmalte para exterior - red eléctrica con cable encauchetado 3x12AWG-ST-C cobre blando, en tubería EMT 3/4" para iluminación (todas las canalizaciones eléctricas deberán ir por tubería EMT diametro según corresponda) - 1 suiche doble para iluminación - 11 salidas en caja 12x12x5cm sobrepuesto en techo para iluminación - 7 paneles led 12w luz neutra - 3 luminarias hermeticas VCP de 1,20x0,15m 35w - 1 luminaria de emergencia led interior de sobreponer en pared 2w 2x75 3lm Así mismo incluye todos los equipos, herramientas, mano de obra y todos los demás elementos necesarios para su correcta ejecución según diseño. | D45: und | E45: 1 | G45: =+IFERROR(ROUND(F45*E45,0),0) -> 0
... B59: 5,3,26 | C59: Suministro, transporte e instalación de TUBERÍA ALCANTARILLADO NOVAFORT Ø 6" (160mm). Incluye: suministro e instalación de tubería, cama de arena de 5cm y a medio tubo, empaques, lubricante, empalmes, fijaciones, demás equipos, herramientas, mano de obra y todos los demás elementos necesarios para su correcta instalación y funcionamiento. No incluye televisación. | D59: m | E59: 16 | G59: =+IFERROR(ROUND(F59*E59,0),0) -> 0
B60: 5.4 | C60: CANALIZACIONES PARA REDES ELÉCTRICAS | G60: =+SUM(G61:G62) -> 0
B61: 5,4,1 | C61: Suministro e instalación de tubería eléctrica PVC de 2” para acometida desde tablero electricos actual y para telecomunicaciones desde rack actual. mtsd Incluye:brecha, Tendido, uniones, curvas y los accesorios necesarios para su óptimo funcionamiento | D61: ml | E61: 40 | G61: =E61*F61 -> 0
B62: 5,4,2 | C62: Suministro e instalación de caja 60x60 en piso, accesorios, elementos de fijación y todo lo necesario para su optimo funcionamiento. | D62: und | E62: 4 | G62: =E62*F62 -> 0
B63: 5.5 | C63: ALIMENTADORES Y CIRCUITOS RAMALES | G63: =+SUM(G64:G68) -> 0
B64: 5,5,1 | C64: Suministro, transporte e instalación de acometida en cable de cobre 3No.8 LSHF AWG (fases +neutro); incluye conectores resorte y cinta aislante | D64: ml | E64: 70 | G64: =F64*E64 -> 0
B65: 5,5,2 | C65: Varilla coperweld 2.40.ts para aterrizar el tablero, incluye terminales, cable de cobre desnudo calibre 10 y todo lo necesario para su correcto funcionamiento | D65: und | E65: 1 | G65: =F65*E65 -> 0
B66: 5,5,3 | C66: Suministro, transporte e instalación de breaker enchufable 1x20 A. Icc: 10kA, 120V | D66: und | E66: 5 | G66: =F66*E66 -> 0
B67: 5,5,4 | C67: Suministro, transporte e instalación de breaker enchufable 2x20 A. Icc: 10kA, 120V | D67: und | E67: 2 | G67: =F67*E67 -> 0
B68: 5,5,5 | C68: Suministro, transporte e instalación de de tablero bifasico del tipo multibreaker de 8 circuitos, barras de neutro y tierra independientes en cobre, con puerta y chapa, de empotrar en muro, Icc: 10kA, con espacio para totalizador de 150A | D68: und | E68: 1 | G68: =F68*E68 -> 0
B69: 5.6 | C69: IMPLEMENTACIÓN DE BAÑO PMR | G69: =+SUM(G70:G114) -> 0
B70: 5,6,1 | C70: DEMOLICIÓN DE MUROS EN MAMPOSTERÍA (bloque de arcilla y/o concreto) entre espesores de e=10cm y 20cm. Incluye: demolición de acabados, enchapes y zócalos, corte y retiro de varillas de refuerzo, demolición de dovélas, vigas de amarre, columnetas, todos los lineales, cortes pulidos con disco en zonas donde se debe demoler, protección contra el polvo, transporte, acopio en lugar autorizado por supervisión y/o cliente y disposicion final en botaderos certificados, herramientas, mano de obra y todos los demás elementos necesarios para su correcta demolición. | D70: m2 | E70: 0.875 | G70: =+IFERROR(ROUND(F70*E70,0),0) -> 0
B71: 5,6,2 | C71: DESMONTE Y RETIRO DE PAPELERAS, JABONERAS, DISPENSADORES, LETREROS, AVISOS, REPISAS, entre otros. Incluye: cargue, transporte, disposición final y/o la recuperación de los mismos; asi mismo incluye todos los equipos, herramientas, mano de obra y demás elementos necesarios para su correcta ejecución. | D71: und | E71: 8 | G71: =+IFERROR(ROUND(F71*E71,0),0) -> 0
B72: 5,6,3 | C72: DESMONTE DE PUERTAS EN ACRÍLICO Y ALUMINIO, de cualquier dimensión y calibre. Incluye: desmonte de puertas con marco de aluminio y hoja acrílica texturizada traslucida o similar, tabiques, herrajes, cerraduras, topes, entre otros; retiro y transporte interno en óptimas condiciones para ser entregado al sitio donde lo indique la supervisión, también incluye todos los equipos, herramientas, mano de obra y demás elementos necesarios para su correcta ejecución. | D72: m2 | E72: 3.36 | G72: =+IFERROR(ROUND(F72*E72,0),0) -> 0
B73: 5,6,4 | C73: DESMONTE Y RETIRO DE APARATOS SANITARIOS (lavamanos, sanitarios, orinales, cambiador de pañales a pared) de cualquier material y dimensión. Incluye: retiro, cargue, transporte y disposición final en botaderos autorizados del material sobrante incluyendo griferías, fijaciones y demás accesorios complementarios; materiales, equipos, herramientas, mano de obra y todos los demás elementos necesarios para su correcta ejecución. | D73: und | E73: 3 | G73: =+IFERROR(ROUND(F73*E73,0),0) -> 0
B74: 5,6,5 | C74: DESMONTE Y RETIRO DE ENCHAPES SOBRE PISOS (baldosín, cerámica, porcelanato, piedra natural). Incluye: retiro, cargue, transporte y disposición final en botaderos certificados, retiro de pegas, morteros, biseles en madera y/o cerámica, dejar la superficie lisa y limpia, así mismo incluye los equipos, herramientas, mano de obra y todos los demás elementos necesarios para su correcta ejecución. | D74: m2 | E74: 14.43 | G74: =+IFERROR(ROUND(F74*E74,0),0) -> 0
B75: 5,6,6 | C75: DESMONTE Y RETIRO DE ENCHAPES SOBRE MUROS (baldosín, cerámica, porcelanato, piedra natural). Incluye: retiro, cargue, transporte y disposicion final en botaderos certificados, retiro de pegas, morteros, biseles en madera y/o cerámica, dejar la superficie lisa y limpia, así mismo incluye los equipos, herramientas, mano de obra y todos los demás elementos necesarios para su correcta ejecución. | D75: m2 | E75: 18.24 | G75: =+IFERROR(ROUND(F75*E75,0),0) -> 0
B76: 5,6,7 | C76: DEMOLICIÓN DE MORTEROS DE PISOS, manual o mecanicamente para nivelación de piso espesor entre 3cm a 5cm. Incluye: cargue, transporte y disposicion final en botaderos certificados, equipos, herramientas, mano de obra y todos los demás elementos necesarios para su correcta ejecución. | D76: m2 | E76: 14.43 | G76: =+IFERROR(ROUND(F76*E76,0),0) -> 0
B77: 5,6,8 | C77: REGATA EN MURO de cualquier acabado, hasta 10cm de profundidad en cualquier material. Incluye: cortes con pulidora e hidratación abundante para evitar la dispersión de material particulado, excavación y retiro del material del muro y disposición final de material sobrante, incluye también el cargue, transporte y disposicion final en botaderos certificados. | D77: m | E77: 6 | G77: =+IFERROR(ROUND(F77*E77,0),0) -> 0
B78: 5,6,9 | C78: REGATA EN PISO de cualquier acabado, hasta 60cm de profundidad y 20cm de ancho en cualquier material. Incluye: cortes con pulidora y/o cortadora de piso e hidratación abundante para evitar la dispersión de material particulado, excavación y retiro del entresuelo y disposición final de material sobrante, incluye también el cargue, transporte y disposicion final en botaderos certificados. | D78: m | E78: 7 | G78: =+IFERROR(ROUND(F78*E78,0),0) -> 0
B79: 5,6,10 | C79: DESMONTE Y RETIRO DE SALIDA HIDRÁULICA EN PVC/CPVC PARA DIÁMETROS ENTRE Ø 1/2" y Ø 1". Incluye: retiro, cargue, transporte y disposición final en botaderos certificados de la tubería medida desde la salida hasta 2m, accesorios, fijaciones, suministro e instalación de tapón para sello de salida, demás equipos, herramientas, mano de obra y todos los demás elementos necesarios para su correcta ejecución. | D79: und | E79: 4 | G79: =+IFERROR(ROUND(F79*E79,0),0) -> 0
B80: 5,6,11 | C80: DESMONTE Y RETIRO DE SALIDA SANITARIA PVC DE Ø 2". Incluye: Incluye: retiro, cargue, transporte y disposición final en botaderos certificados de la tubería de Ø 2" medida desde la boca de salida hasta 2m, accesorios, fijaciones, suministro e instalación de tapón para sello de salida, equipos, herramientas, mano de obra y todos los demás elementos necesarios para su correcta ejecución. | D80: und | E80: 4 | G80: =+IFERROR(ROUND(F80*E80,0),0) -> 0
B81: 5,6,12 | C81: DESMONTE Y RETIRO DE SALIDA SANITARIA PVC DE Ø 4". Incluye: desmonte y retiro de accesorios, tapón para sello de salida, cubre hasta 2m de tubería de 4" medidos desde la boca de salida, equipos, herramientas, mano de obra y todos los demás elementos necesarios para su correcta ejecución. | D81: und | E81: 2 | G81: =+IFERROR(ROUND(F81*E81,0),0) -> 0
... B114: 5,6,45 | C114: Suministro, transporte e instalación de LLAVE BOCA MANGUERA PESADA METAL AMARILLA Ø 1/2". Incluye: suministro e instalación de la llave manguera, accesorios, fijación, demás equipos, herramientas, mano de obra y todos los demás elementos necesarios para su correcta ejecución y funcionamiento. | D114: und | E114: 3 | G114: =+IFERROR(ROUND(F114*E114,0),0) -> 0
E115: COSTOS DIRECTOS | G115: =G11 -> 0

Sheet AU
B1: =RESUMEN!C3 -> Reparaciones Locativas en los diferentes Centros de Atención Integral a la primera Infancia (CAII) en el Urabá Antioqueño. | H1: #VALUE!
B2: ANÁLISIS DESGLOSE DE LA ESTRUCTURA DEL PORCENTAJE DE ADMINISTRACIÓN | H2: COSTOS DIRECTOS: | L2: =RESUMEN!D15 -> 0
H3: AU ESTIMADO : | L3: =K28 -> 0
H4: COSTO TOTAL | L4: =RESUMEN!D20 -> 0
H5: PLAZO EN MESES: | L5: =RESUMEN!C7 -> 3
B6: Item | C6: Nombre | D6: Unidad | E6: Duración | F6: Cant | G6: Dedicación | H6: Valor | I6: Aux Transporte | J6: Factor Prestacional | K6: Porcentaje sobre el contrato | L6: Subtotal
B7: 1 | C7: Personal de Admón. del Contrato
B8: 1.02 | C8: Residente obra civil | D8: Mes | E8: =L5 -> 3 | F8: 2 | G8: 1 | J8: 0.58293333 | L8: =ROUNDUP(((E8*G8*H8*F8*(1+J8))+(I8*E8)),0) -> 0
B9: 1.03 | C9: Tecnologo en Construcciones Civiles | D9: Mes | E9: 2 | F9: 2 | G9: 1 | J9: 0.61593333 | L9: =ROUNDUP(((E9*G9*H9*F9*(1+J9))+(I9*E9)),0) -> 0
B10: 1.04 | C10: Tecnologo SST/ Ambiental | D10: Mes | E10: =L5 -> 3 | F10: 1 | G10: 1 | J10: 0.61593333 | L10: =ROUNDUP(((E10*G10*H10*F10*(1+J10))+(I10*E10)),0) -> 0
B11: 3 | C11: Gastos administrativos
B12: 3.01 | C12: Gastos de papelería y permisos | D12: Mes | E12: =L5 -> 3 | F12: 1 | L12: =ROUNDUP((E12*H12*F12*(1+J12)),2) -> 0
B13: 3.02 | C13: Computadores y software | D13: un/mes | E13: =+L5 -> 3 | F13: =+SUM(F8:F10) -> 5 | L13: =ROUNDUP((E13*H13*F13*(1+J13)),2) -> 0
B14: 3.03 | C14: Medio de comunicación (celular, Internet) | D14: un/mes | E14: =L5 -> 3 | F14: =F13 -> 5 | L14: =ROUNDUP((E14*H14*F14*(1+J14)),0) -> 0
B15: 3.04 | C15: Mobiliario de oficina (5 puestos de trabajo + impresora) | D15: un | E15: =+L5 -> 3 | F15: 1 | L15: =ROUNDUP((E15*H15*F15*(1+J15)),2) -> 0
B16: 3.05 | C16: Transporte intermunicipal del personal técnico de campo (4 trayectos mensuales por persona) | D16: Mes | E16: =+L5 -> 3 | F16: =F13 -> 5 | L16: =ROUNDUP((E16*H16*F16*(1+J16)),2) -> 0
B17: 3.06 | C17: Alojamiento | D17: Mes | E17: =L5 -> 3 | F17: 1 | L17: =ROUNDUP((E17*H17*F17*(1+J17)),0) -> 0
B18: 3.07 | C18: Gastos oficina central | D18: Mes | E18: =+L5 -> 3 | F18: 1 | G18: 0.3 | L18: =ROUNDUP((H18*E18*G18),2) -> 0
B19: 5 | C19: Ambiental
B20: 5.01 | C20: Implementación de PMA | D20: gl | E20: 3 | F20: 1 | L20: =+H20*E20*F20 -> 0
B21: 6 | C21: Seguridad Salud y Trabajo
B22: 6.01 | C22: Implementación de SST | D22: gl | E22: 3 | F22: 1 | L22: =ROUNDUP((H22*E22*F22),2) -> 0
B23: 7 | C23: Cargos sobre el valor de la oferta
B24: 7.01 | C24: Impuesto del 4/1000 | D24: % | K24: 0.004 | L24: =IFERROR(ROUNDUP((K24*$L$4),0),0) -> 0
B25: 7.05 | C25: FIC | D25: % | K25: 0.0025 | L25: =IFERROR(ROUNDUP((K25*$L$4),0),0) -> 0
D26: ADMINISTRACIÓN | L26: =SUM(L7:L25) -> 0
D27: CORRECCIÓN DECIMALES | L27: =IFERROR(ROUNDUP((+L2*K28)-(L26),0),0) -> 0
D28: TOTAL COSTOS ADMINISTRACIÓN | K28: =IFERROR(IF(L2="",0,ROUND(L26/L2,4)),0) -> 0 | L28: =+IFERROR(L26+L27,"") -> 0
D29: UTILIDAD | K29: 0.05 | L29: =ROUNDUP(+L2*K29,0) -> 0
D30: IVA SOBRE UTILIDAD | K30: =RESUMEN!C18 -> 0.19 | L30: =ROUNDUP(+L29*K30,0) -> 0
D31: AU TOTAL | L31: =+L28+L29+L30 -> 0
